Workbook

Sheet Cronograma
A1: =[1]SINTÉTICO!A1 -> DADOS DA OBRA
A2: =[1]SINTÉTICO!A2 -> Titulo | B2: CRONOGRAMA FÍSICO-FINANCEIRO
A3: =[1]SINTÉTICO!A3 -> Obra | B3: ='Resumo Geral'!B3 -> TÚMULOS VERTICAIS
A4: =[1]SINTÉTICO!A4 -> Área de Construçao | B4: 2707,38 M²
A5: =[1]SINTÉTICO!A5 -> Proprietário | B5: ='Resumo Geral'!B5 -> PREFEITURA MUNICIPAL DE SINOP
A6: =[1]SINTÉTICO!A6 -> Cidade | B6: ='Resumo Geral'!B6 -> SINOP
A7: =[1]SINTÉTICO!A7 -> Endereço | B7: ='Resumo Geral'!B7 -> AV.DOM HENRIQUE FROEHLICH, ESQUINA COM AV. ANDRÉ MAGGI
A8: =[1]SINTÉTICO!A8 -> Descrição | B8: ='Resumo Geral'!B8:B9 -> CONSTRUÇÃO DE GAVETAS VERTICAIS PARA SEPULTAMENTO
A9: =[1]SINTÉTICO!A10 -> Tabela de Referencia | B9: ='Resumo Geral'!B10 -> SINAPI - 12/2025 - MATO GROSSO - NÃO DESONERADA
B10: ='Resumo Geral'!B11 -> SEINFRA - 028 - CEARÁ - NÃO DESONERADA
A11: =[1]SINTÉTICO!A12 -> UF | B11: ='Resumo Geral'!B12 -> MT
A12: =[1]SINTÉTICO!A13 -> Resp. Técnica | B12: ='Resumo Geral'!B13 -> ENGENHEIRO CIVIL: JAISON ANDREY SEGAT CREA 1219814750
A14: =B2 -> CRONOGRAMA FÍSICO-FINANCEIRO | E14: CRONOGRAMA FÍSICO-FINANCEIRO | Q14: CRONOGRAMA FÍSICO-FINANCEIRO | AL14: CRONOGRAMA FÍSICO-FINANCEIRO
A15: Item | B15: Descrição | C15: TOTAIS | E15: 30 dias | H15: 60 dias | K15: 90 dias | N15: 120 dias | Q15: 150 dias | T15: 180 dias | W15: 210 dias | Z15: 240 dias | AC15: 270 dias | AF15: 300 dias | AI15: 330 dias | AL15: 360 dias | AO15: 390 dias | AR15: 420 dias
C16: Total | D16: Incidencia | E16: R$ | F16: % | G16: % AC. | H16: R$ | I16: % | J16: % AC. | K16: R$ | L16: % | M16: % AC. | N16: R$ | O16: % | P16: % AC. | Q16: R$ | R16: % | S16: % AC. | T16: R$ | U16: % | V16: % AC. | W16: R$ | X16: % | Y16: % AC. | Z16: R$ | AA16: % | AB16: % AC. | AC16: R$ | AD16: % | AE16: % AC. | AF16: R$ | AG16: % | AH16: % AC. | AI16: R$ | AJ16: % | AK16: % AC. | AL16: R$ | AM16: % | AN16: % AC. | AO16: R$ | AP16: % | AQ16: % AC. | AR16: R$ | AS16: % | AT16: % AC.
A17: 1 | B17: ='Resumo Geral'!B19 -> ADMINISTRAÇÃO DE OBRA | C17: ='Resumo Geral'!C19 -> 294497.7 | D17: =C17/$C$30 -> 0.070842786 | E17: =$C17*F17 -> 21027.136 | F17: 0.0714 | G17: =F17 -> 0.0714 | H17: =$C17*I17 -> 21027.136 | I17: 0.0714 | J17: =I17+G17 -> 0.1428 | K17: =$C17*L17 -> 21027.136 | L17: 0.0714 | M17: =L17+J17 -> 0.2142 | N17: =C17*O17 -> 21027.136 | O17: 0.0714 | P17: =M17+O17 -> 0.2856 | Q17: =C17*R17 -> 21027.136 | R17: 0.0714 | S17: =P17+R17 -> 0.357 | T17: =U17*C17 -> 21027.136 | U17: 0.0714 | V17: =S17+U17 -> 0.4284 | W17: =X17*C17 -> 21027.136 | X17: 0.0714 | Y17: =V17+X17 -> 0.4998 | Z17: =AA17*C17 -> 21027.136 | AA17: 0.0714 | AB17: =Y17+AA17 -> 0.5712 | AC17: =AD17*C17 -> 21027.136 | AD17: 0.0714 | AE17: =AB17+AD17 -> 0.6426 | AF17: =AG17*C17 -> 21027.136 | AG17: 0.0714 | AH17: =AE17+AG17 -> 0.714 | AI17: =AJ17*C17 -> 21027.136 | AJ17: 0.0714 | AK17: =AH17+AJ17 -> 0.7854 | AL17: =AM17*C17 -> 21027.136 | AM17: 0.0714 | AN17: =AK17+AM17 -> 0.8568 | AO17: =AP17*O17 -> 0.00509796 | AP17: 0.0714 | AQ17: =AN17+AP17 -> 0.9282 | AR17: =AS17*C17 -> 21144.935 | AS17: 0.0718 | AT17: =AQ17+AS17 -> 1
A18: 2 | B18: ='Resumo Geral'!B20 -> SERVIÇÕES PRELIMINARES | C18: ='Resumo Geral'!C20 -> 65025 | D18: =C18/$C$30 -> 0.015642065 | E18: =$C18*F18 -> 32512.5 | F18: 0.5 | G18: =F18 -> 0.5 | H18: =$C18*I18 -> 2496.96 | I18: 0.0384 | J18: =I18+G18 -> 0.5384 | K18: =L18*C18 -> 2496.96 | L18: 0.0384 | M18: =L18+J18 -> 0.5768 | N18: =O18*C18 -> 2496.96 | O18: 0.0384 | P18: =O18+M18 -> 0.6152 | Q18: =R18*C18 -> 2496.96 | R18: 0.0384 | S18: =R18+P18 -> 0.6536 | T18: =U18*C18 -> 2496.96 | U18: 0.0384 | V18: =U18+S18 -> 0.692 | W18: =X18*C18 -> 2496.96 | X18: 0.0384 | Y18: =X18+V18 -> 0.7304 | Z18: =AA18*C18 -> 2496.96 | AA18: 0.0384 | AB18: =AA18+Y18 -> 0.7688 | AC18: =AD18*C18 -> 2496.96 | AD18: 0.0384 | AE18: =AD18+AB18 -> 0.8072 | AF18: =AG18*C18 -> 2496.96 | AG18: 0.0384 | AH18: =AG18+AE18 -> 0.8456 | AI18: =AJ18*C18 -> 2496.96 | AJ18: 0.0384 | AK18: =AJ18+AH18 -> 0.884 | AL18: =AM18*C18 -> 2496.96 | AM18: 0.0384 | AN18: =AM18+AK18 -> 0.9224 | AO18: =AP18*O18 -> 0.00147456 | AP18: 0.0384 | AQ18: =AP18+AN18 -> 0.9608 | AR18: =AS18*C18 -> 2548.98 | AS18: 0.0392 | AT18: =AS18+AQ18 -> 1
A19: 3 | B19: ='Resumo Geral'!B21 -> FUNDAÇÃO | C19: ='Resumo Geral'!C21 -> 266776.79 | D19: =C19/$C$30 -> 0.064174392 | E19: =$C19*F19 -> 19047.863 | F19: 0.0714 | G19: =F19 -> 0.0714 | H19: =$C19*I19 -> 19047.863 | I19: 0.0714 | J19: =I19+G19 -> 0.1428 | K19: =$C19*L19 -> 19047.863 | L19: 0.0714 | M19: =L19+J19 -> 0.2142 | N19: =$C19*O19 -> 19047.863 | O19: 0.0714 | P19: =O19+M19 -> 0.2856 | Q19: =$C19*R19 -> 19047.863 | R19: 0.0714 | S19: =R19+P19 -> 0.357 | T19: =$C19*U19 -> 19047.863 | U19: 0.0714 | V19: =U19+S19 -> 0.4284 | W19: =$C19*X19 -> 19047.863 | X19: 0.0714 | Y19: =X19+V19 -> 0.4998 | Z19: =$C19*AA19 -> 19047.863 | AA19: 0.0714 | AB19: =AA19+Y19 -> 0.5712 | AC19: =$C19*AD19 -> 19047.863 | AD19: 0.0714 | AE19: =AD19+AB19 -> 0.6426 | AF19: =$C19*AG19 -> 19047.863 | AG19: 0.0714 | AH19: =AG19+AE19 -> 0.714 | AI19: =$C19*AJ19 -> 19047.863 | AJ19: 0.0714 | AK19: =AJ19+AH19 -> 0.7854 | AL19: =$C19*AM19 -> 19047.863 | AM19: 0.0714 | AN19: =AM19+AK19 -> 0.8568 | AO19: =$C19*AP19 -> 19047.863 | AP19: 0.0714 | AQ19: =AP19+AN19 -> 0.9282 | AR19: =$C19*AS19 -> 19154.574 | AS19: 0.0718 | AT19: =AS19+AQ19 -> 1
A20: 4 | B20: ='Resumo Geral'!B22 -> VIGAS | C20: ='Resumo Geral'!C22 -> 462986.52 | D20: =C20/$C$30 -> 0.11137355 | E20: =$C20*F20 -> 33057.238 | F20: 0.0714 | G20: =F20 -> 0.0714 | H20: =$C20*I20 -> 33057.238 | I20: 0.0714 | J20: =I20+G20 -> 0.1428 | K20: =$C20*L20 -> 33057.238 | L20: 0.0714 | M20: =L20+J20 -> 0.2142 | N20: =$C20*O20 -> 33057.238 | O20: 0.0714 | P20: =O20+M20 -> 0.2856 | Q20: =$C20*R20 -> 33057.238 | R20: 0.0714 | S20: =R20+P20 -> 0.357 | T20: =$C20*U20 -> 33057.238 | U20: 0.0714 | V20: =U20+S20 -> 0.4284 | W20: =$C20*X20 -> 33057.238 | X20: 0.0714 | Y20: =X20+V20 -> 0.4998 | Z20: =$C20*AA20 -> 33057.238 | AA20: 0.0714 | AB20: =AA20+Y20 -> 0.5712 | AC20: =$C20*AD20 -> 33057.238 | AD20: 0.0714 | AE20: =AD20+AB20 -> 0.6426 | AF20: =$C20*AG20 -> 33057.238 | AG20: 0.0714 | AH20: =AG20+AE20 -> 0.714 | AI20: =$C20*AJ20 -> 33057.238 | AJ20: 0.0714 | AK20: =AJ20+AH20 -> 0.7854 | AL20: =$C20*AM20 -> 33057.238 | AM20: 0.0714 | AN20: =AM20+AK20 -> 0.8568 | AO20: =$C20*AP20 -> 33057.238 | AP20: 0.0714 | AQ20: =AP20+AN20 -> 0.9282 | AR20: =$C20*AS20 -> 33242.432 | AS20: 0.0718 | AT20: =AS20+AQ20 -> 1
A21: 5 | B21: ='Resumo Geral'!B23 -> PILARES | C21: ='Resumo Geral'!C23 -> 179237.74 | D21: =C21/$C$30 -> 0.043116468 | E21: =$C21*F21 -> 12797.575 | F21: 0.0714 | G21: =F21 -> 0.0714 | H21: =$C21*I21 -> 12797.575 | I21: 0.0714 | J21: =I21+G21 -> 0.1428 | K21: =$C21*L21 -> 12797.575 | L21: 0.0714 | M21: =L21+J21 -> 0.2142 | N21: =$C21*O21 -> 12797.575 | O21: 0.0714 | P21: =O21+M21 -> 0.2856 | Q21: =$C21*R21 -> 12797.575 | R21: 0.0714 | S21: =R21+P21 -> 0.357 | T21: =$C21*U21 -> 12797.575 | U21: 0.0714 | V21: =U21+S21 -> 0.4284 | W21: =$C21*X21 -> 12797.575 | X21: 0.0714 | Y21: =X21+V21 -> 0.4998 | Z21: =$C21*AA21 -> 12797.575 | AA21: 0.0714 | AB21: =AA21+Y21 -> 0.5712 | AC21: =$C21*AD21 -> 12797.575 | AD21: 0.0714 | AE21: =AD21+AB21 -> 0.6426 | AF21: =$C21*AG21 -> 12797.575 | AG21: 0.0714 | AH21: =AG21+AE21 -> 0.714 | AI21: =$C21*AJ21 -> 12797.575 | AJ21: 0.0714 | AK21: =AJ21+AH21 -> 0.7854 | AL21: =$C21*AM21 -> 12797.575 | AM21: 0.0714 | AN21: =AM21+AK21 -> 0.8568 | AO21: =$C21*AP21 -> 12797.575 | AP21: 0.0714 | AQ21: =AP21+AN21 -> 0.9282 | AR21: =$C21*AS21 -> 12869.27 | AS21: 0.0718 | AT21: =AS21+AQ21 -> 1
A22: 6 | B22: ='Resumo Geral'!B24 -> LAJE | C22: ='Resumo Geral'!C24 -> 1400528.3 | D22: =C22/$C$30 -> 0.33690356 | E22: =$C22*F22 -> 99997.718 | F22: 0.0714 | G22: =F22 -> 0.0714 | H22: =$C22*I22 -> 99997.718 | I22: 0.0714 | J22: =I22+G22 -> 0.1428 | K22: =$C22*L22 -> 99997.718 | L22: 0.0714 | M22: =L22+J22 -> 0.2142 | N22: =$C22*O22 -> 99997.718 | O22: 0.0714 | P22: =O22+M22 -> 0.2856 | Q22: =$C22*R22 -> 99997.718 | R22: 0.0714 | S22: =R22+P22 -> 0.357 | T22: =$C22*U22 -> 99997.718 | U22: 0.0714 | V22: =U22+S22 -> 0.4284 | W22: =$C22*X22 -> 99997.718 | X22: 0.0714 | Y22: =X22+V22 -> 0.4998 | Z22: =$C22*AA22 -> 99997.718 | AA22: 0.0714 | AB22: =AA22+Y22 -> 0.5712 | AC22: =$C22*AD22 -> 99997.718 | AD22: 0.0714 | AE22: =AD22+AB22 -> 0.6426 | AF22: =$C22*AG22 -> 99997.718 | AG22: 0.0714 | AH22: =AG22+AE22 -> 0.714 | AI22: =$C22*AJ22 -> 99997.718 | AJ22: 0.0714 | AK22: =AJ22+AH22 -> 0.7854 | AL22: =$C22*AM22 -> 99997.718 | AM22: 0.0714 | AN22: =AM22+AK22 -> 0.8568 | AO22: =$C22*AP22 -> 99997.718 | AP22: 0.0714 | AQ22: =AP22+AN22 -> 0.9282 | AR22: =$C22*AS22 -> 100557.93 | AS22: 0.0718 | AT22: =AS22+AQ22 -> 1
A23: 7 | B23: ='Resumo Geral'!B25 -> FECHAMENTO/VEDAÇÕES | C23: ='Resumo Geral'!C25 -> 263971.75 | D23: =C23/$C$30 -> 0.063499627 | E23: =$C23*F23 -> 18847.583 | F23: 0.0714 | G23: =F23 -> 0.0714 | H23: =$C23*I23 -> 18847.583 | I23: 0.0714 | J23: =I23+G23 -> 0.1428 | K23: =$C23*L23 -> 18847.583 | L23: 0.0714 | M23: =L23+J23 -> 0.2142 | N23: =$C23*O23 -> 18847.583 | O23: 0.0714 | P23: =O23+M23 -> 0.2856 | Q23: =$C23*R23 -> 18847.583 | R23: 0.0714 | S23: =R23+P23 -> 0.357 | T23: =$C23*U23 -> 18847.583 | U23: 0.0714 | V23: =U23+S23 -> 0.4284 | W23: =$C23*X23 -> 18847.583 | X23: 0.0714 | Y23: =X23+V23 -> 0.4998 | Z23: =$C23*AA23 -> 18847.583 | AA23: 0.0714 | AB23: =AA23+Y23 -> 0.5712 | AC23: =$C23*AD23 -> 18847.583 | AD23: 0.0714 | AE23: =AD23+AB23 -> 0.6426 | AF23: =$C23*AG23 -> 18847.583 | AG23: 0.0714 | AH23: =AG23+AE23 -> 0.714 | AI23: =$C23*AJ23 -> 18847.583 | AJ23: 0.0714 | AK23: =AJ23+AH23 -> 0.7854 | AL23: =$C23*AM23 -> 18847.583 | AM23: 0.0714 | AN23: =AM23+AK23 -> 0.8568 | AO23: =$C23*AP23 -> 18847.583 | AP23: 0.0714 | AQ23: =AP23+AN23 -> 0.9282 | AR23: =$C23*AS23 -> 18953.172 | AS23: 0.0718 | AT23: =AS23+AQ23 -> 1
A24: 8 | B24: ='Resumo Geral'!B26 -> INSTALAÇÕES HIDRÁULICAS | C24: ='Resumo Geral'!C26 -> 46682.28 | D24: =C24/$C$30 -> 0.011229639 | E24: =$C24*F24 -> 3333.1148 | F24: 0.0714 | G24: =F24 -> 0.0714 | H24: =$C24*I24 -> 3333.1148 | I24: 0.0714 | J24: =I24+G24 -> 0.1428 | K24: =$C24*L24 -> 3333.1148 | L24: 0.0714 | M24: =L24+J24 -> 0.2142 | N24: =$C24*O24 -> 3333.1148 | O24: 0.0714 | P24: =O24+M24 -> 0.2856 | Q24: =$C24*R24 -> 3333.1148 | R24: 0.0714 | S24: =R24+P24 -> 0.357 | T24: =$C24*U24 -> 3333.1148 | U24: 0.0714 | V24: =U24+S24 -> 0.4284 | W24: =$C24*X24 -> 3333.1148 | X24: 0.0714 | Y24: =X24+V24 -> 0.4998 | Z24: =$C24*AA24 -> 3333.1148 | AA24: 0.0714 | AB24: =AA24+Y24 -> 0.5712 | AC24: =$C24*AD24 -> 3333.1148 | AD24: 0.0714 | AE24: =AD24+AB24 -> 0.6426 | AF24: =$C24*AG24 -> 3333.1148 | AG24: 0.0714 | AH24: =AG24+AE24 -> 0.714 | AI24: =$C24*AJ24 -> 3333.1148 | AJ24: 0.0714 | AK24: =AJ24+AH24 -> 0.7854 | AL24: =$C24*AM24 -> 3333.1148 | AM24: 0.0714 | AN24: =AM24+AK24 -> 0.8568 | AO24: =$C24*AP24 -> 3333.1148 | AP24: 0.0714 | AQ24: =AP24+AN24 -> 0.9282 | AR24: =$C24*AS24 -> 3351.7877 | AS24: 0.0718 | AT24: =AS24+AQ24 -> 1
A25: 9 | B25: ='Resumo Geral'!B27 -> INSTALAÇÕES SANITÁRIAS/PLUVIAIS | C25: ='Resumo Geral'!C27 -> 171483.02 | D25: =C25/$C$30 -> 0.041251035 | E25: =$C25*F25 -> 12243.888 | F25: 0.0714 | G25: =F25 -> 0.0714 | H25: =$C25*I25 -> 12243.888 | I25: 0.0714 | J25: =I25+G25 -> 0.1428 | K25: =$C25*L25 -> 12243.888 | L25: 0.0714 | M25: =L25+J25 -> 0.2142 | N25: =$C25*O25 -> 12243.888 | O25: 0.0714 | P25: =O25+M25 -> 0.2856 | Q25: =$C25*R25 -> 12243.888 | R25: 0.0714 | S25: =R25+P25 -> 0.357 | T25: =$C25*U25 -> 12243.888 | U25: 0.0714 | V25: =U25+S25 -> 0.4284 | W25: =$C25*X25 -> 12243.888 | X25: 0.0714 | Y25: =X25+V25 -> 0.4998 | Z25: =$C25*AA25 -> 12243.888 | AA25: 0.0714 | AB25: =AA25+Y25 -> 0.5712 | AC25: =$C25*AD25 -> 12243.888 | AD25: 0.0714 | AE25: =AD25+AB25 -> 0.6426 | AF25: =$C25*AG25 -> 12243.888 | AG25: 0.0714 | AH25: =AG25+AE25 -> 0.714 | AI25: =$C25*AJ25 -> 12243.888 | AJ25: 0.0714 | AK25: =AJ25+AH25 -> 0.7854 | AL25: =$C25*AM25 -> 12243.888 | AM25: 0.0714 | AN25: =AM25+AK25 -> 0.8568 | AO25: =$C25*AP25 -> 12243.888 | AP25: 0.0714 | AQ25: =AP25+AN25 -> 0.9282 | AR25: =$C25*AS25 -> 12312.481 | AS25: 0.0718 | AT25: =AS25+AQ25 -> 1
A26: 10 | B26: ='Resumo Geral'!B28 -> INSTALAÇÕES ELÉTRICAS | C26: ='Resumo Geral'!C28 -> 18341.82 | D26: =C26/$C$30 -> 0.0044122097 | E26: =$C26*F26 -> 1309.6059 | F26: 0.0714 | G26: =F26 -> 0.0714 | H26: =$C26*I26 -> 1309.6059 | I26: 0.0714 | J26: =I26+G26 -> 0.1428 | K26: =$C26*L26 -> 1309.6059 | L26: 0.0714 | M26: =L26+J26 -> 0.2142 | N26: =$C26*O26 -> 1309.6059 | O26: 0.0714 | P26: =O26+M26 -> 0.2856 | Q26: =$C26*R26 -> 1309.6059 | R26: 0.0714 | S26: =R26+P26 -> 0.357 | T26: =$C26*U26 -> 1309.6059 | U26: 0.0714 | V26: =U26+S26 -> 0.4284 | W26: =$C26*X26 -> 1309.6059 | X26: 0.0714 | Y26: =X26+V26 -> 0.4998 | Z26: =$C26*AA26 -> 1309.6059 | AA26: 0.0714 | AB26: =AA26+Y26 -> 0.5712 | AC26: =$C26*AD26 -> 1309.6059 | AD26: 0.0714 | AE26: =AD26+AB26 -> 0.6426 | AF26: =$C26*AG26 -> 1309.6059 | AG26: 0.0714 | AH26: =AG26+AE26 -> 0.714 | AI26: =$C26*AJ26 -> 1309.6059 | AJ26: 0.0714 | AK26: =AJ26+AH26 -> 0.7854 | AL26: =$C26*AM26 -> 1309.6059 | AM26: 0.0714 | AN26: =AM26+AK26 -> 0.8568 | AO26: =$C26*AP26 -> 1309.6059 | AP26: 0.0714 | AQ26: =AP26+AN26 -> 0.9282 | AR26: =$C26*AS26 -> 1316.9427 | AS26: 0.0718 | AT26: =AS26+AQ26 -> 1
A27: 11 | B27: ='Resumo Geral'!B29 -> REVESTIMENTO E PINTURA | C27: ='Resumo Geral'!C29 -> 915772.6 | D27: =C27/$C$30 -> 0.22029334 | E27: =$C27*F27 -> 65386.164 | F27: 0.0714 | G27: =F27 -> 0.0714 | H27: =$C27*I27 -> 65386.164 | I27: 0.0714 | J27: =I27+G27 -> 0.1428 | K27: =$C27*L27 -> 65386.164 | L27: 0.0714 | M27: =L27+J27 -> 0.2142 | N27: =$C27*O27 -> 65386.164 | O27: 0.0714 | P27: =O27+M27 -> 0.2856 | Q27: =$C27*R27 -> 65386.164 | R27: 0.0714 | S27: =R27+P27 -> 0.357 | T27: =$C27*U27 -> 65386.164 | U27: 0.0714 | V27: =U27+S27 -> 0.4284 | W27: =$C27*X27 -> 65386.164 | X27: 0.0714 | Y27: =X27+V27 -> 0.4998 | Z27: =$C27*AA27 -> 65386.164 | AA27: 0.0714 | AB27: =AA27+Y27 -> 0.5712 | AC27: =$C27*AD27 -> 65386.164 | AD27: 0.0714 | AE27: =AD27+AB27 -> 0.6426 | AF27: =$C27*AG27 -> 65386.164 | AG27: 0.0714 | AH27: =AG27+AE27 -> 0.714 | AI27: =$C27*AJ27 -> 65386.164 | AJ27: 0.0714 | AK27: =AJ27+AH27 -> 0.7854 | AL27: =$C27*AM27 -> 65386.164 | AM27: 0.0714 | AN27: =AM27+AK27 -> 0.8568 | AO27: =$C27*AP27 -> 65386.164 | AP27: 0.0714 | AQ27: =AP27+AN27 -> 0.9282 | AR27: =$C27*AS27 -> 65752.473 | AS27: 0.0718 | AT27: =AS27+AQ27 -> 1
A28: 12 | B28: ='Resumo Geral'!B30 -> CALÇADA DE CONCRETO | C28: ='Resumo Geral'!C30 -> 44863.2 | D28: =C28/C30 -> 0.010792051 | E28: =$C28*F28 -> 3203.2325 | F28: 0.0714 | G28: =F28 -> 0.0714 | H28: =$C28*I28 -> 3203.2325 | I28: 0.0714 | J28: =I28+G28 -> 0.1428 | K28: =$C28*L28 -> 3203.2325 | L28: 0.0714 | M28: =L28+J28 -> 0.2142 | N28: =$C28*O28 -> 3203.2325 | O28: 0.0714 | P28: =O28+M28 -> 0.2856 | Q28: =$C28*R28 -> 3203.2325 | R28: 0.0714 | S28: =R28+P28 -> 0.357 | T28: =$C28*U28 -> 3203.2325 | U28: 0.0714 | V28: =U28+S28 -> 0.4284 | W28: =$C28*X28 -> 3203.2325 | X28: 0.0714 | Y28: =X28+V28 -> 0.4998 | Z28: =$C28*AA28 -> 3203.2325 | AA28: 0.0714 | AB28: =AA28+Y28 -> 0.5712 | AC28: =$C28*AD28 -> 3203.2325 | AD28: 0.0714 | AE28: =AD28+AB28 -> 0.6426 | AF28: =$C28*AG28 -> 3203.2325 | AG28: 0.0714 | AH28: =AG28+AE28 -> 0.714 | AI28: =$C28*AJ28 -> 3203.2325 | AJ28: 0.0714 | AK28: =AJ28+AH28 -> 0.7854 | AL28: =$C28*AM28 -> 3203.2325 | AM28: 0.0714 | AN28: =AM28+AK28 -> 0.8568 | AO28: =$C28*AP28 -> 3203.2325 | AP28: 0.0714 | AQ28: =AP28+AN28 -> 0.9282 | AR28: =$C28*AS28 -> 3221.1778 | AS28: 0.0718 | AT28: =AS28+AQ28 -> 1
A29: 13 | B29: ='Resumo Geral'!B31 -> LIMPEZA DE OBRA | C29: ='Resumo Geral'!C31 -> 26893.17 | D29: =C29/C30 -> 0.0064692766 | E29: =$C29*F29 -> 0 | F29: 0 | G29: =F29 -> 0 | H29: =$C29*I29 -> 3840.3447 | I29: 0.1428 | J29: =I29+G29 -> 0.1428 | K29: =$C29*L29 -> 0 | L29: 0 | M29: =L29+J29 -> 0.1428 | N29: =$C29*O29 -> 3840.3447 | O29: 0.1428 | P29: =O29+M29 -> 0.2856 | Q29: =$C29*R29 -> 0 | R29: 0 | S29: =R29+P29 -> 0.2856 | T29: =$C29*U29 -> 3840.3447 | U29: 0.1428 | V29: =U29+S29 -> 0.4284 | W29: =$C29*X29 -> 0 | X29: 0 | Y29: =X29+V29 -> 0.4284 | Z29: =$C29*AA29 -> 3840.3447 | AA29: 0.1428 | AB29: =AA29+Y29 -> 0.5712 | AC29: =$C29*AD29 -> 0 | AD29: 0 | AE29: =AD29+AB29 -> 0.5712 | AF29: =$C29*AG29 -> 3840.3447 | AG29: 0.1428 | AH29: =AG29+AE29 -> 0.714 | AI29: =$C29*AJ29 -> 0 | AJ29: 0 | AK29: =AJ29+AH29 -> 0.714 | AL29: =$C29*AM29 -> 3840.3447 | AM29: 0.1428 | AN29: =AM29+AK29 -> 0.8568 | AO29: =$C29*AP29 -> 0 | AP29: 0 | AQ29: =AP29+AN29 -> 0.8568 | AR29: =$C29*AS29 -> 3851.1019 | AS29: 0.1432 | AT29: =AS29+AQ29 -> 1
A30: VALOR TOTAL | C30: ='Resumo Geral'!C32 -> 4157059.9 | D30: =SUM(D17:D29) -> 1
A34: =NOW() -> 46140.641 | D34: _________________________________ | Q34: 46091.341 | X34: _________________________________ | AL34: 46091.341 | AR34: _________________________________
D35: Engº Civil - JAISON ANDREY SEGAT | X35: Engº Civil - JAISON ANDREY SEGAT | AR35: Engº Civil - JAISON ANDREY SEGAT
D36: CREA-MT 50609 | X36: CREA-MT 50609 | AR36: CREA-MT 50609

Sheet Resumo Geral
A1: DADOS
A2: ASSUNTO | B2: RESUMO GERAL
A3: OBRA | B3: TÚMULOS VERTICAIS
A4: ÁREA DE CONSTRUÇAO (M²) | B4: 2707.38
A5: PROPRIETARIO | B5: =[1]SINTÉTICO!$B$5 -> PREFEITURA MUNICIPAL DE SINOP
A6: CIDADE | B6: =[1]SINTÉTICO!$B$6 -> SINOP
A7: ENDEREÇO | B7: AV.DOM HENRIQUE FROEHLICH, ESQUINA COM AV. ANDRÉ MAGGI
A8: DESCRIÇAO | B8: CONSTRUÇÃO DE GAVETAS VERTICAIS PARA SEPULTAMENTO
A10: TABELA REFERENCIA | B10: =Orçamento!A3 -> SINAPI - 12/2025 - MATO GROSSO - NÃO DESONERADA
A11: TABELA REFERENCIA | B11: =Orçamento!A4 -> SEINFRA - 028 - CEARÁ - NÃO DESONERADA
A12: UF | B12: MT
A13: RESPONSAVEL TECNICO | B13: ENGENHEIRO CIVIL: JAISON ANDREY SEGAT CREA 1219814750
A16: =B2 -> RESUMO GERAL
A17: Item | B17: Descrição | C17: TOTAIS
C18: Total | D18: Incidencia
A19: =[1]SINTÉTICO!A22 -> 1. | B19: =Orçamento!D8 -> ADMINISTRAÇÃO DE OBRA | C19: =Orçamento!I8 -> 294497.7 | D19: =C19/C32 -> 0.070842786
A20: =[1]SINTÉTICO!A26 -> 2. | B20: =Orçamento!D11 -> SERVIÇÕES PRELIMINARES | C20: =Orçamento!I11 -> 65025 | D20: =C20/C32 -> 0.015642065
A21: =[1]SINTÉTICO!A45 -> 3. | B21: =Orçamento!D18 -> FUNDAÇÃO | C21: =Orçamento!I18 -> 266776.79 | D21: =C21/C32 -> 0.064174392
A22: =[1]SINTÉTICO!A48 -> 4. | B22: =Orçamento!D25 -> VIGAS | C22: =Orçamento!I25 -> 462986.52 | D22: =C22/C32 -> 0.11137355
A23: =[1]SINTÉTICO!A85 -> 5. | B23: =Orçamento!D33 -> PILARES | C23: =Orçamento!I33 -> 179237.74 | D23: =C23/C32 -> 0.043116468
A24: 6. | B24: =Orçamento!D38 -> LAJE | C24: =Orçamento!I38 -> 1400528.3 | D24: =C24/C32 -> 0.33690356
A25: 7. | B25: =Orçamento!D46 -> FECHAMENTO/VEDAÇÕES | C25: =Orçamento!I46 -> 263971.75 | D25: =C25/C32 -> 0.063499627
A26: 8. | B26: =Orçamento!D48 -> INSTALAÇÕES HIDRÁULICAS | C26: =Orçamento!I48 -> 46682.28 | D26: =C26/C32 -> 0.011229639
A27: 9. | B27: =Orçamento!D54 -> INSTALAÇÕES SANITÁRIAS/PLUVIAIS | C27: =Orçamento!I54 -> 171483.02 | D27: =C27/C32 -> 0.041251035
A28: 10. | B28: =Orçamento!D69 -> INSTALAÇÕES ELÉTRICAS | C28: =Orçamento!I69 -> 18341.82 | D28: =C28/C32 -> 0.0044122097
A29: 11. | B29: =Orçamento!D76 -> REVESTIMENTO E PINTURA | C29: =Orçamento!I76 -> 915772.6 | D29: =C29/C32 -> 0.22029334
A30: 12. | B30: =Orçamento!D83 -> CALÇADA DE CONCRETO | C30: =Orçamento!I83 -> 44863.2 | D30: =C30/C32 -> 0.010792051
A31: 13. | B31: LIMPEZA DE OBRA | C31: 26893.17 | D31: =C31/C32 -> 0.0064692766
A32: VALOR TOTAL | C32: =SUM(C19:C31) -> 4157059.9 | D32: =SUM(D19:D31) -> 1
A35: =NOW() -> 46140.641 | B35: _________________________________
B36: Engº Civil - JAISON ANDREY SEGAT
B37: CREA-MT 50609

Sheet Planilha Analítica
B1: Bancos: | E1: =Orçamento!E2 -> Obra: Túmulos Verticais
B2: =Orçamento!A3 -> SINAPI - 12/2025 - MATO GROSSO - NÃO DESONERADA | E2: =Orçamento!E3 -> Local: Av. Dom Henrique Froehlich, esquina com Av. André Maggi | F2: BDI Mão de Obra - 22,23%
B3: =Orçamento!A4 -> SEINFRA - 028 - CEARÁ - NÃO DESONERADA | E3: =Orçamento!E4 -> Bairro: Centro | F3: BDI Material - 15,00%
E4: =Orçamento!E5 -> Município: Sinop - MT
B6: 1 | E6: ADMINISTRAÇÃO DE OBRA | K6: 294497.7
B7: 1.2 | C7: Código | D7: Banco | E7: Descrição | F7: Tipo | H7: Und | I7: Quant. | J7: Valor Unit | K7: Total
B8: Composição | C8: 94295 | D8: SINAPI | E8: MESTRE DE OBRAS COM ENCARGOS COMPLEMENTARES | F8: Livro SINAPI: Cálculos e Parâmetros | H8: MES | I8: 1 | J8: 12635.81 | K8: 12635.81
B9: Composição Auxiliar | C9: 95423 | D9: SINAPI | E9: CURSO DE CAPACITAÇÃO PARA MESTRE DE OBRAS (ENCARGOS COMPLEMENTARES) - MENSALISTA | F9: Livro SINAPI: Cálculos e Parâmetros | H9: MES | I9: 1 | J9: 182.29 | K9: 182.29
B10: Insumo | C10: 00040819 | D10: SINAPI | E10: MESTRE DE OBRAS (MENSALISTA) | F10: Mão de Obra | H10: MES | I10: 1 | J10: 11415.1 | K10: 11415.1
B11: Insumo | C11: 00040861 | D11: SINAPI | E11: TRANSPORTE - MENSALISTA (COLETADO CAIXA - ENCARGOS COMPLEMENTARES) | F11: Encargos Complementares | H11: MES | I11: 1 | J11: 148.19 | K11: 148.19
B12: Insumo | C12: 00040862 | D12: SINAPI | E12: ALIMENTACAO - MENSALISTA (COLETADO CAIXA - ENCARGOS COMPLEMENTARES) | F12: Encargos Complementares | H12: MES | I12: 1 | J12: 346.81 | K12: 346.81
B13: Insumo | C13: 00040863 | D13: SINAPI | E13: EXAMES - MENSALISTA (COLETADO CAIXA - ENCARGOS COMPLEMENTARES) | F13: Encargos Complementares | H13: MES | I13: 1 | J13: 270.51 | K13: 270.51
B14: Insumo | C14: 00040864 | D14: SINAPI | E14: SEGURO - MENSALISTA (COLETADO CAIXA - ENCARGOS COMPLEMENTARES) | F14: Encargos Complementares | H14: MES | I14: 1 | J14: 15.46 | K14: 15.46
B15: Insumo | C15: 00043475 | D15: SINAPI | E15: FERRAMENTAS - FAMILIA ENCARREGADO GERAL - MENSALISTA (ENCARGOS COMPLEMENTARES - COLETADO CAIXA) | F15: Encargos Complementares | H15: MES | I15: 1 | J15: 15.46 | K15: 15.46
B16: Insumo | C16: 00043499 | D16: SINAPI | E16: EPI - FAMILIA ENCARREGADO GERAL - MENSALISTA (ENCARGOS COMPLEMENTARES - COLETADO CAIXA) | F16: Encargos Complementares | H16: MES | I16: 1 | J16: 241.99 | K16: 241.99
F17: MO sem LS => | G17: 11597.39 | H17: LS => | I17: 0 | J17: MO com LS => | K17: 11597.39
F18: Valor do BDI => | G18: 2808.94 | I18: Valor com BDI => | K18: 15444.75
H19: Quant. => | I19: 14 | J19: Preço Total => | K19: 216226.5
B21: 1.3 | C21: Código | D21: Banco | E21: Descrição | F21: Tipo | H21: Und | I21: Quant. | J21: Valor Unit | K21: Total
B22: Composição | C22: 90777 | D22: SINAPI | E22: ENGENHEIRO CIVIL DE OBRA JUNIOR COM ENCARGOS COMPLEMENTARES | F22: Livro SINAPI: Cálculos e Parâmetros | H22: H | I22: 1 | J22: 127.06 | K22: 127.06
B23: Composição Auxiliar | C23: 95402 | D23: SINAPI | E23: CURSO DE CAPACITAÇÃO PARA ENGENHEIRO CIVIL DE OBRA JÚNIOR (ENCARGOS COMPLEMENTARES) - HORISTA | F23: Livro SINAPI: Cálculos e Parâmetros | H23: H | I23: 1 | J23: 1.78 | K23: 1.78
B24: Insumo | C24: 00002706 | D24: SINAPI | E24: ENGENHEIRO CIVIL DE OBRA JUNIOR (HORISTA) | F24: Mão de Obra | H24: H | I24: 1 | J24: 121.15 | K24: 121.15
B25: Insumo | C25: 00037370 | D25: SINAPI | E25: ALIMENTACAO - HORISTA (COLETADO CAIXA - ENCARGOS COMPLEMENTARES) | F25: Encargos Complementares | H25: H | I25: 1 | J25: 1.84 | K25: 1.84
B26: Insumo | C26: 00037372 | D26: SINAPI | E26: EXAMES - HORISTA (COLETADO CAIXA - ENCARGOS COMPLEMENTARES) | F26: Encargos Complementares | H26: H | I26: 1 | J26: 1.43 | K26: 1.43
B27: Insumo | C27: 00037373 | D27: SINAPI | E27: SEGURO - HORISTA (COLETADO CAIXA - ENCARGOS COMPLEMENTARES) | F27: Encargos Complementares | H27: H | I27: 1 | J27: 0.08 | K27: 0.08
B28: Insumo | C28: 00043462 | D28: SINAPI | E28: FERRAMENTAS - FAMILIA ENGENHEIRO CIVIL - HORISTA (ENCARGOS COMPLEMENTARES - COLETADO CAIXA) | F28: Encargos Complementares | H28: H | I28: 1 | J28: 0.01 | K28: 0.01
B29: Insumo | C29: 00043486 | D29: SINAPI | E29: EPI - FAMILIA ENGENHEIRO CIVIL - HORISTA (ENCARGOS COMPLEMENTARES - COLETADO CAIXA) | F29: Encargos Complementares | H29: H | I29: 1 | J29: 0.77 | K29: 0.77
F30: MO sem LS => | G30: 122.93 | H30: LS => | I30: 0 | J30: MO com LS => | K30: 122.93
F31: Valor do BDI => | G31: 28.24 | I31: Valor com BDI => | K31: 155.3
H32: Quant. => | I32: 504 | J32: Preço Total => | K32: 78271.2
B34: 2 | E34: SERVIÇÕES PRELIMINARES | K34: 65025
B35: 2.1 | C35: Código | D35: Banco | E35: Descrição | F35: Tipo | H35: Und | I35: Quant. | J35: Valor Unit | K35: Total
B36: Composição | C36: 103689 | D36: SINAPI | E36: FORNECIMENTO E INSTALAÇÃO DE PLACA DE OBRA COM CHAPA GALVANIZADA E ESTRUTURA DE MADEIRA. AF_03/2022_PS | F36: Sinalização Vertical Viária | H36: m² | I36: 1 | J36: 466.67 | K36: 466.67
B37: Composição Auxiliar | C37: 102234 | D37: SINAPI | E37: PINTURA IMUNIZANTE PARA MADEIRA, 2 DEMÃOS. AF_01/2021 | F37: Pintura em Madeira | H37: m² | I37: 0.5 | J37: 22.68 | K37: 11.34
B38: Composição Auxiliar | C38: 88262 | D38: SINAPI | E38: CARPINTEIRO DE FORMAS COM ENCARGOS COMPLEMENTARES | F38: Livro SINAPI: Cálculos e Parâmetros | H38: H | I38: 0.3729 | J38: 28.69 | K38: 10.69
B39: Composição Auxiliar | C39: 88316 | D39: SINAPI | E39: SERVENTE COM ENCARGOS COMPLEMENTARES | F39: Livro SINAPI: Cálculos e Parâmetros | H39: H | I39: 1.1186 | J39: 23.2 | K39: 25.95
B40: Insumo | C40: 00004509 | D40: SINAPI | E40: SARRAFO *2,5 X 10* CM EM PINUS, MISTA OU EQUIVALENTE DA REGIAO - BRUTA | F40: Material | H40: M | I40: 3.2083 | J40: 5.61 | K40: 17.99
B41: Insumo | C41: 00004813 | D41: SINAPI | E41: PLACA DE OBRA (PARA CONSTRUCAO CIVIL) EM CHAPA GALVANIZADA *N. 22*, ADESIVADA, DE *2,4 X 1,2* M (SEM POSTES PARA FIXACAO) | F41: Material | H41: m² | I41: 1 | J41: 400 | K41: 400
B42: Insumo | C42: 00005065 | D42: SINAPI | E42: PREGO DE ACO POLIDO COM CABECA 10 X 10 (7/8 X 17) | F42: Material | H42: KG | I42: 0.0113 | J42: 38.66 | K42: 0.43
B43: Insumo | C43: 00005069 | D43: SINAPI | E43: PREGO DE ACO POLIDO COM CABECA 17 X 27 (2 1/2 X 11) | F43: Material | H43: KG | I43: 0.0132 | J43: 20.71 | K43: 0.27
F44: MO sem LS => | G44: 32.68 | H44: LS => | I44: 0 | J44: MO com LS => | K44: 32.68
F45: Valor do BDI => | G45: 103.74 | I45: Valor com BDI => | K45: 570.41
H46: Quant. => | I46: 12 | J46: Preço Total => | K46: 6844.92
B48: 2.2 | C48: Código | D48: Banco | E48: Descrição | F48: Tipo | H48: Und | I48: Quant. | J48: Valor Unit | K48: Total
B49: Composição | C49: 99059 | D49: SINAPI | E49: LOCAÇÃO CONVENCIONAL DE OBRA, UTILIZANDO GABARITO DE TÁBUAS CORRIDAS PONTALETADAS A CADA 2,00M - 2 UTILIZAÇÕES. AF_03/2024 | F49: Locação de Obras | H49: M | I49: 1 | J49: 65.81 | K49: 65.81
B50: Composição Auxiliar | C50: 88239 | D50: SINAPI | E50: AJUDANTE DE CARPINTEIRO COM ENCARGOS COMPLEMENTARES | F50: Livro SINAPI: Cálculos e Parâmetros | H50: H | I50: 0.7247 | J50: 24.34 | K50: 17.63
B51: Composição Auxiliar | C51: 88262 | D51: SINAPI | E51: CARPINTEIRO DE FORMAS COM ENCARGOS COMPLEMENTARES | F51: Livro SINAPI: Cálculos e Parâmetros | H51: H | I51: 0.7247 | J51: 28.69 | K51: 20.79
B52: Composição Auxiliar | C52: 91692 | D52: SINAPI | E52: SERRA CIRCULAR DE BANCADA COM MOTOR ELÉTRICO POTÊNCIA DE 5HP, COM COIFA PARA DISCO 10" - CHP DIURNO. AF_08/2015 | F52: Custos Horários Produtivo e Improdutivo dos Equipamentos | H52: CHP | I52: 0.007 | J52: 26.56 | K52: 0.18
B53: Composição Auxiliar | C53: 91693 | D53: SINAPI | E53: SERRA CIRCULAR DE BANCADA COM MOTOR ELÉTRICO POTÊNCIA DE 5HP, COM COIFA PARA DISCO 10" - CHI DIURNO. AF_08/2015 | F53: Custos Horários Produtivo e Improdutivo dos Equipamentos | H53: CHI | I53: 0.028 | J53: 25.03 | K53: 0.7
B54: Composição Auxiliar | C54: 94974 | D54: SINAPI | E54: CONCRETO MAGRO PARA LASTRO, TRAÇO 1:4,5:4,5 (EM MASSA SECA DE CIMENTO/ AREIA MÉDIA/ BRITA 1) - PREPARO MANUAL. AF_05/2021 | F54: Produção de Concreto | H54: m³ | I54: 0.004 | J54: 581.17 | K54: 2.32
B55: Insumo | C55: 00004417 | D55: SINAPI | E55: SARRAFO NAO APARELHADO *2,5 X 7* CM, EM MACARANDUBA/MASSARANDUBA, ANGELIM, PEROBA-ROSA OU EQUIVALENTE DA REGIAO - BRUTA | F55: Material | H55: M | I55: 0.7445 | J55: 6.42 | K55: 4.77
B56: Insumo | C56: 00004433 | D56: SINAPI | E56: CAIBRO NAO APARELHADO *6 X 6* CM, EM MACARANDUBA/MASSARANDUBA, ANGELIM OU EQUIVALENTE DA REGIAO - BRUTA | F56: Material | H56: M | I56: 0.4125 | J56: 23.07 | K56: 9.51
B57: Insumo | C57: 00005068 | D57: SINAPI | E57: PREGO DE ACO POLIDO COM CABECA 17 X 21 (2 X 11) | F57: Material | H57: KG | I57: 0.111 | J57: 20.32 | K57: 2.25
B58: Insumo | C58: 00007356 | D58: SINAPI | E58: TINTA LATEX ACRILICA PREMIUM, COR BRANCO FOSCO | F58: Material | H58: L | I58: 0.0256 | J58: 31.5 | K58: 0.8
B59: Insumo | C59: 00010567 | D59: SINAPI | E59: TABUA *2,5 X 23* CM EM PINUS, MISTA OU EQUIVALENTE DA REGIAO - BRUTA | F59: Material | H59: M | I59: 0.55 | J59: 12.49 | K59: 6.86
F60: MO sem LS => | G60: 30.81 | H60: LS => | I60: 0 | J60: MO com LS => | K60: 30.81
F61: Valor do BDI => | G61: 14.62 | I61: Valor com BDI => | K61: 80.43
H62: Quant. => | I62: 257.4 | J62: Preço Total => | K62: 20702.68
B64: 2.3 | C64: Código | D64: Banco | E64: Descrição | F64: Tipo | H64: Und | I64: Quant. | J64: Valor Unit | K64: Total
B65: Composição | C65: 93584 | D65: SINAPI | E65: EXECUÇÃO DE DEPÓSITO EM CANTEIRO DE OBRA EM CHAPA DE MADEIRA COMPENSADA, NÃO INCLUSO MOBILIÁRIO. AF_04/2016 | F65: CANT - CANTEIRO DE OBRAS | H65: m² | I65: 1 | J65: 844.6 | K65: 844.6
B66: Composição Auxiliar | C66: 101165 | D66: SINAPI | E66: ALVENARIA DE EMBASAMENTO COM BLOCO ESTRUTURAL DE CONCRETO, DE 14X19X29CM E ARGAMASSA DE ASSENTAMENTO COM PREPARO EM BETONEIRA. AF_05/2020 | F66: Alvenarias Diversas | H66: m³ | I66: 0.0417 | J66: 1068.1 | K66: 44.53
B67: Composição Auxiliar | C67: 88489 | D67: SINAPI | E67: PINTURA LÁTEX ACRÍLICA PREMIUM, APLICAÇÃO MANUAL EM PAREDES, DUAS DEMÃOS. AF_04/2023 | F67: Pintura Interna | H67: m² | I67: 5.0649 | J67: 13.47 | K67: 68.22
B68: Composição Auxiliar | C68: 91170 | D68: SINAPI | E68: FIXAÇÃO DE TUBOS HORIZONTAIS DE PVC ÁGUA, PVC ESGOTO, PVC ÁGUA PLUVIAL, CPVC, PPR, COBRE OU AÇO, DIÂMETROS MENORES OU IGUAIS A 40 MM, COM ABRAÇADEIRA METÁLICA RÍGIDA TIPO U PERFIL 1 1/4", FIXADA EM PERFILADO EM LAJE. AF_09/2023_PS | F68: Rasgos e Fixações | H68: M | I68: 0.1325 | J68: 10.91 | K68: 1.44
B69: Composição Auxiliar | C69: 91173 | D69: SINAPI | E69: FIXAÇÃO DE TUBOS VERTICAIS DE PVC ÁGUA, PVC ESGOTO, PVC ÁGUA PLUVIAL, CPVC, PPR, COBRE OU AÇO, DIÂMETROS MENORES OU IGUAIS A 40 MM, COM ABRAÇADEIRA METÁLICA RÍGIDA TIPO U PERFIL 1 1/4", FIXADA EM PERFILADO EM PAREDE. AF_09/2023_PS | F69: Rasgos e Fixações | H69: M | I69: 0.1722 | J69: 4.06 | K69: 0.69
B70: Composição Auxiliar | C70: 91341 | D70: SINAPI | E70: PORTA EM ALUMÍNIO DE ABRIR TIPO VENEZIANA COM GUARNIÇÃO, FIXAÇÃO COM PARAFUSOS - FORNECIMENTO E INSTALAÇÃO. AF_10/2025 | F70: Esquadrias - Portas | H70: m² | I70: 0.153 | J70: 719.64 | K70: 110.1
B71: Composição Auxiliar | C71: 91852 | D71: SINAPI | E71: ELETRODUTO FLEXÍVEL CORRUGADO, PVC, DN 20 MM (1/2"), PARA CIRCUITOS TERMINAIS, INSTALADO EM PAREDE - FORNECIMENTO E INSTALAÇÃO. AF_03/2023 | F71: Instalações Elétricas - Eletrodutos Embutidos, Cabos, Caixas, Tomadas e Interruptores | H71: M | I71: 0.0662 | J71: 9.49 | K71: 0.62
B72: Composição Auxiliar | C72: 91862 | D72: SINAPI | E72: ELETRODUTO RÍGIDO ROSCÁVEL, PVC, DN 20 MM (1/2"), PARA CIRCUITOS TERMINAIS, INSTALADO EM FORRO - FORNECIMENTO E INSTALAÇÃO. AF_03/2023 | F72: Instalações Elétricas - Eletrodutos Embutidos, Cabos, Caixas, Tomadas e Interruptores | H72: M | I72: 0.1325 | J72: 10.18 | K72: 1.34
B73: Composição Auxiliar | C73: 91870 | D73: SINAPI | E73: ELETRODUTO RÍGIDO ROSCÁVEL, PVC, DN 20 MM (1/2"), PARA CIRCUITOS TERMINAIS, INSTALADO EM PAREDE - FORNECIMENTO E INSTALAÇÃO. AF_03/2023 | F73: Instalações Elétricas - Eletrodutos Embutidos, Cabos, Caixas, Tomadas e Interruptores | H73: M | I73: 0.1722 | J73: 13.38 | K73: 2.3
B74: Composição Auxiliar | C74: 91924 | D74: SINAPI | E74: CABO DE COBRE FLEXÍVEL ISOLADO, 1,5 MM², ANTI-CHAMA 450/750 V, PARA CIRCUITOS TERMINAIS - FORNECIMENTO E INSTALAÇÃO. AF_03/2023 | F74: Instalações Elétricas - Eletrodutos Embutidos, Cabos, Caixas, Tomadas e Interruptores | H74: M | I74: 0.6755 | J74: 3.33 | K74: 2.24
B75: Composição Auxiliar | C75: 92023 | D75: SINAPI | E75: INTERRUPTOR SIMPLES (1 MÓDULO) COM 1 TOMADA DE EMBUTIR 2P+T 10 A, INCLUINDO SUPORTE E PLACA - FORNECIMENTO E INSTALAÇÃO. AF_03/2023 | F75: Instalações Elétricas - Eletrodutos Embutidos, Cabos, Caixas, Tomadas e Interruptores | H75: UN | I75: 0.0662 | J75: 51.84 | K75: 3.43
B76: Composição Auxiliar | C76: 92543 | D76: SINAPI | E76: TRAMA DE MADEIRA COMPOSTA POR TERÇAS PARA TELHADOS DE ATÉ 2 ÁGUAS PARA TELHA ONDULADA DE FIBROCIMENTO, METÁLICA, PLÁSTICA OU TERMOACÚSTICA, INCLUSO TRANSPORTE VERTICAL. AF_10/2025 | F76: Estrutura e Trama para Cobertura | H76: m² | I76: 1.7192 | J76: 24.77 | K76: 42.58
... B89: Insumo | C89: 00011455 | D89: SINAPI | E89: FERROLHO COM FECHO / TRINCO REDONDO, EM ACO GALVANIZADO / ZINCADO, DE SOBREPOR, COM COMPRIMENTO DE 8" E ESPESSURA MINIMA DA CHAPA DE 1,50 MM | F89: Material | H89: UN | I89: 0.0662 | J89: 21.93 | K89: 1.45
F90: MO sem LS => | G90: 196.78 | H90: LS => | I90: 0 | J90: MO com LS => | K90: 196.78
F91: Valor do BDI => | G91: 187.75 | I91: Valor com BDI => | K91: 1032.35
H92: Quant. => | I92: 12 | J92: Preço Total => | K92: 12388.2
B94: 2.4 | C94: Código | D94: Banco | E94: Descrição | F94: Tipo | H94: Und | I94: Quant. | J94: Valor Unit | K94: Total
B95: Composição | C95: 93582 | D95: SINAPI | E95: EXECUÇÃO DE CENTRAL DE ARMADURA EM CANTEIRO DE OBRA, NÃO INCLUSO MOBILIÁRIO E EQUIPAMENTOS. AF_04/2016 | F95: CANT - CANTEIRO DE OBRAS | H95: m² | I95: 1 | J95: 289.66 | K95: 289.66
B96: Composição Auxiliar | C96: 101876 | D96: SINAPI | E96: QUADRO DE DISTRIBUIÇÃO DE ENERGIA EM PVC, DE EMBUTIR, SEM BARRAMENTO, PARA 6 DISJUNTORES - FORNECIMENTO E INSTALAÇÃO. AF_07/2025 | F96: Instalações Elétricas - Quadros, Cabos, Disjuntores, Contatores e Barramentos Blindados | H96: UN | I96: 0.0166 | J96: 127.26 | K96: 2.11
B97: Composição Auxiliar | C97: 101891 | D97: SINAPI | E97: DISJUNTOR MONOPOLAR TIPO NEMA, CORRENTE NOMINAL DE 35 ATÉ 50A - FORNECIMENTO E INSTALAÇÃO. AF_07/2025 | F97: Instalações Elétricas - Quadros, Cabos, Disjuntores, Contatores e Barramentos Blindados | H97: UN | I97: 0.0828 | J97: 29.11 | K97: 2.41
B98: Composição Auxiliar | C98: 88489 | D98: SINAPI | E98: PINTURA LÁTEX ACRÍLICA PREMIUM, APLICAÇÃO MANUAL EM PAREDES, DUAS DEMÃOS. AF_04/2023 | F98: Pintura Interna | H98: m² | I98: 0.4837 | J98: 13.47 | K98: 6.51
B99: Composição Auxiliar | C99: 91170 | D99: SINAPI | E99: FIXAÇÃO DE TUBOS HORIZONTAIS DE PVC ÁGUA, PVC ESGOTO, PVC ÁGUA PLUVIAL, CPVC, PPR, COBRE OU AÇO, DIÂMETROS MENORES OU IGUAIS A 40 MM, COM ABRAÇADEIRA METÁLICA RÍGIDA TIPO U PERFIL 1 1/4", FIXADA EM PERFILADO EM LAJE. AF_09/2023_PS | F99: Rasgos e Fixações | H99: M | I99: 0.2219 | J99: 10.91 | K99: 2.42
B100: Composição Auxiliar | C100: 91862 | D100: SINAPI | E100: ELETRODUTO RÍGIDO ROSCÁVEL, PVC, DN 20 MM (1/2"), PARA CIRCUITOS TERMINAIS, INSTALADO EM FORRO - FORNECIMENTO E INSTALAÇÃO. AF_03/2023 | F100: Instalações Elétricas - Eletrodutos Embutidos, Cabos, Caixas, Tomadas e Interruptores | H100: M | I100: 0.3397 | J100: 10.18 | K100: 3.45
B101: Composição Auxiliar | C101: 91870 | D101: SINAPI | E101: ELETRODUTO RÍGIDO ROSCÁVEL, PVC, DN 20 MM (1/2"), PARA CIRCUITOS TERMINAIS, INSTALADO EM PAREDE - FORNECIMENTO E INSTALAÇÃO. AF_03/2023 | F101: Instalações Elétricas - Eletrodutos Embutidos, Cabos, Caixas, Tomadas e Interruptores | H101: M | I101: 0.2219 | J101: 13.38 | K101: 2.96
B102: Composição Auxiliar | C102: 91924 | D102: SINAPI | E102: CABO DE COBRE FLEXÍVEL ISOLADO, 1,5 MM², ANTI-CHAMA 450/750 V, PARA CIRCUITOS TERMINAIS - FORNECIMENTO E INSTALAÇÃO. AF_03/2023 | F102: Instalações Elétricas - Eletrodutos Embutidos, Cabos, Caixas, Tomadas e Interruptores | H102: M | I102: 0.9334 | J102: 3.33 | K102: 3.1
B103: Composição Auxiliar | C103: 91926 | D103: SINAPI | E103: CABO DE COBRE FLEXÍVEL ISOLADO, 2,5 MM², ANTI-CHAMA 450/750 V, PARA CIRCUITOS TERMINAIS - FORNECIMENTO E INSTALAÇÃO. AF_03/2023 | F103: Instalações Elétricas - Eletrodutos Embutidos, Cabos, Caixas, Tomadas e Interruptores | H103: M | I103: 0.9472 | J103: 4.85 | K103: 4.59
B104: Composição Auxiliar | C104: 91959 | D104: SINAPI | E104: INTERRUPTOR SIMPLES (2 MÓDULOS), 10A/250V, INCLUINDO SUPORTE E PLACA - FORNECIMENTO E INSTALAÇÃO. AF_03/2023 | F104: Instalações Elétricas - Eletrodutos Embutidos, Cabos, Caixas, Tomadas e Interruptores | H104: UN | I104: 0.0166 | J104: 46.31 | K104: 0.76
B105: Composição Auxiliar | C105: 92000 | D105: SINAPI | E105: TOMADA BAIXA DE EMBUTIR (1 MÓDULO), 2P+T 10 A, INCLUINDO SUPORTE E PLACA - FORNECIMENTO E INSTALAÇÃO. AF_03/2023 | F105: Instalações Elétricas - Eletrodutos Embutidos, Cabos, Caixas, Tomadas e Interruptores | H105: UN | I105: 0.0331 | J105: 31.91 | K105: 1.05
B106: Composição Auxiliar | C106: 92001 | D106: SINAPI | E106: TOMADA BAIXA DE EMBUTIR (1 MÓDULO), 2P+T 20 A, INCLUINDO SUPORTE E PLACA - FORNECIMENTO E INSTALAÇÃO. AF_03/2023 | F106: Instalações Elétricas - Eletrodutos Embutidos, Cabos, Caixas, Tomadas e Interruptores | H106: UN | I106: 0.0331 | J106: 33.96 | K106: 1.12
... B121: Insumo | C121: 00010891 | D121: SINAPI | E121: EXTINTOR DE INCENDIO PORTATIL COM CARGA DE PO QUIMICO SECO (PQS) DE 4 KG, CLASSE BC | F121: Material | H121: UN | I121: 0.0166 | J121: 194.61 | K121: 3.23
F122: MO sem LS => | G122: 64.97 | H122: LS => | I122: 0 | J122: MO com LS => | K122: 64.97
F123: Valor do BDI => | G123: 64.39 | I123: Valor com BDI => | K123: 354.05
H124: Quant. => | I124: 12 | J124: Preço Total => | K124: 4248.6
B126: 2.5 | C126: Código | D126: Banco | E126: Descrição | F126: Tipo | H126: Und | I126: Quant. | J126: Valor Unit | K126: Total
B127: Composição | C127: 93583 | D127: SINAPI | E127: EXECUÇÃO DE CENTRAL DE FÔRMAS, PRODUÇÃO DE ARGAMASSA OU CONCRETO EM CANTEIRO DE OBRA, NÃO INCLUSO MOBILIÁRIO E EQUIPAMENTOS. AF_04/2016 | F127: CANT - CANTEIRO DE OBRAS | H127: m² | I127: 1 | J127: 490.6 | K127: 490.6
B128: Composição Auxiliar | C128: 101876 | D128: SINAPI | E128: QUADRO DE DISTRIBUIÇÃO DE ENERGIA EM PVC, DE EMBUTIR, SEM BARRAMENTO, PARA 6 DISJUNTORES - FORNECIMENTO E INSTALAÇÃO. AF_07/2025 | F128: Instalações Elétricas - Quadros, Cabos, Disjuntores, Contatores e Barramentos Blindados | H128: UN | I128: 0.0966 | J128: 127.26 | K128: 12.29
B129: Composição Auxiliar | C129: 101891 | D129: SINAPI | E129: DISJUNTOR MONOPOLAR TIPO NEMA, CORRENTE NOMINAL DE 35 ATÉ 50A - FORNECIMENTO E INSTALAÇÃO. AF_07/2025 | F129: Instalações Elétricas - Quadros, Cabos, Disjuntores, Contatores e Barramentos Blindados | H129: UN | I129: 0.2899 | J129: 29.11 | K129: 8.43
B130: Composição Auxiliar | C130: 88489 | D130: SINAPI | E130: PINTURA LÁTEX ACRÍLICA PREMIUM, APLICAÇÃO MANUAL EM PAREDES, DUAS DEMÃOS. AF_04/2023 | F130: Pintura Interna | H130: m² | I130: 0.4761 | J130: 13.47 | K130: 6.41
B131: Composição Auxiliar | C131: 91170 | D131: SINAPI | E131: FIXAÇÃO DE TUBOS HORIZONTAIS DE PVC ÁGUA, PVC ESGOTO, PVC ÁGUA PLUVIAL, CPVC, PPR, COBRE OU AÇO, DIÂMETROS MENORES OU IGUAIS A 40 MM, COM ABRAÇADEIRA METÁLICA RÍGIDA TIPO U PERFIL 1 1/4", FIXADA EM PERFILADO EM LAJE. AF_09/2023_PS | F131: Rasgos e Fixações | H131: M | I131: 0.4251 | J131: 10.91 | K131: 4.63
B132: Composição Auxiliar | C132: 91173 | D132: SINAPI | E132: FIXAÇÃO DE TUBOS VERTICAIS DE PVC ÁGUA, PVC ESGOTO, PVC ÁGUA PLUVIAL, CPVC, PPR, COBRE OU AÇO, DIÂMETROS MENORES OU IGUAIS A 40 MM, COM ABRAÇADEIRA METÁLICA RÍGIDA TIPO U PERFIL 1 1/4", FIXADA EM PERFILADO EM PAREDE. AF_09/2023_PS | F132: Rasgos e Fixações | H132: M | I132: 0.4638 | J132: 4.06 | K132: 1.88
B133: Composição Auxiliar | C133: 91862 | D133: SINAPI | E133: ELETRODUTO RÍGIDO ROSCÁVEL, PVC, DN 20 MM (1/2"), PARA CIRCUITOS TERMINAIS, INSTALADO EM FORRO - FORNECIMENTO E INSTALAÇÃO. AF_03/2023 | F133: Instalações Elétricas - Eletrodutos Embutidos, Cabos, Caixas, Tomadas e Interruptores | H133: M | I133: 0.4251 | J133: 10.18 | K133: 4.32
...

Sheet Orçamento
A2: Bancos: | E2: Obra: Túmulos Verticais
A3: SINAPI - 12/2025 - MATO GROSSO - NÃO DESONERADA | E3: Local: Av. Dom Henrique Froehlich, esquina com Av. André Maggi | H3: BDI Mão de Obra - 22,23%
A4: SEINFRA - 028 - CEARÁ - NÃO DESONERADA | E4: Bairro: Centro | H4: BDI Material - 15,00%
E5: Município: Sinop - MT
A7: Item | B7: Código | C7: Banco | D7: Descrição | E7: Und | F7: Quant. | G7: Valor Unit | H7: Valor Unit com BDI | I7: Total com BDI | J7: Peso (%)
A8: 1 | D8: ADMINISTRAÇÃO DE OBRA | I8: 294497.7 | J8: 0.071304071
A9: 1.2 | B9: 94295 | C9: SINAPI | D9: MESTRE DE OBRAS COM ENCARGOS COMPLEMENTARES | E9: MES | F9: 14 | G9: 12635.81 | H9: 15444.75 | I9: 216226.5 | J9: 0.052352972
A10: 1.3 | B10: 90777 | C10: SINAPI | D10: ENGENHEIRO CIVIL DE OBRA JUNIOR COM ENCARGOS COMPLEMENTARES | E10: H | F10: 504 | G10: 127.06 | H10: 155.3 | I10: 78271.2 | J10: 0.0189511
A11: 2 | D11: SERVIÇÕES PRELIMINARES | I11: 65025 | J11: 0.015743917
A12: 2.1 | B12: 103689 | C12: SINAPI | D12: FORNECIMENTO E INSTALAÇÃO DE PLACA DE OBRA COM CHAPA GALVANIZADA E ESTRUTURA DE MADEIRA. AF_03/2022_PS | E12: m² | F12: 12 | G12: 466.67 | H12: 570.41 | I12: 6844.92 | J12: 0.0016572987
A13: 2.2 | B13: 99059 | C13: SINAPI | D13: LOCAÇÃO CONVENCIONAL DE OBRA, UTILIZANDO GABARITO DE TÁBUAS CORRIDAS PONTALETADAS A CADA 2,00M - 2 UTILIZAÇÕES. AF_03/2024 | E13: M | F13: 257.4 | G13: 65.81 | H13: 80.43 | I13: 20702.68 | J13: 0.0050125531
A14: 2.3 | B14: 93584 | C14: SINAPI | D14: EXECUÇÃO DE DEPÓSITO EM CANTEIRO DE OBRA EM CHAPA DE MADEIRA COMPENSADA, NÃO INCLUSO MOBILIÁRIO. AF_04/2016 | E14: m² | F14: 12 | G14: 844.6 | H14: 1032.35 | I14: 12388.2 | J14: 0.0029994431
A15: 2.4 | B15: 93582 | C15: SINAPI | D15: EXECUÇÃO DE CENTRAL DE ARMADURA EM CANTEIRO DE OBRA, NÃO INCLUSO MOBILIÁRIO E EQUIPAMENTOS. AF_04/2016 | E15: m² | F15: 12 | G15: 289.66 | H15: 354.05 | I15: 4248.6 | J15: 0.0010286752
A16: 2.5 | B16: 93583 | C16: SINAPI | D16: EXECUÇÃO DE CENTRAL DE FÔRMAS, PRODUÇÃO DE ARGAMASSA OU CONCRETO EM CANTEIRO DE OBRA, NÃO INCLUSO MOBILIÁRIO E EQUIPAMENTOS. AF_04/2016 | E16: m² | F16: 12 | G16: 490.6 | H16: 599.66 | I16: 7195.92 | J16: 0.0017422832
A17: 2.6 | B17: 00010775 | C17: SINAPI | D17: LOCACAO DE CONTAINER 2,30 X 6,00 M, ALT. 2,50 M, COM 1 SANITARIO, PARA ESCRITORIO, COMPLETO, SEM DIVISORIAS INTERNAS (NAO INCLUI MOBILIZACAO/DESMOBILIZACAO) | E17: MES | F17: 14 | G17: 847.5 | H17: 974.62 | I17: 13644.68 | J17: 0.0033036633
A18: 3 | D18: FUNDAÇÃO | I18: 266776.79 | J18: 0.064592258
A19: 3.1 | B19: 96522 | C19: SINAPI | D19: ESCAVAÇÃO MANUAL PARA BLOCO DE COROAMENTO OU SAPATA (SEM ESCAVAÇÃO PARA COLOCAÇÃO DE FÔRMAS). AF_01/2024 | E19: m³ | F19: 170.64 | G19: 152.05 | H19: 185.85 | I19: 31713.44 | J19: 0.0076784891
A20: 3.2 | B20: 97083 | C20: SINAPI | D20: COMPACTAÇÃO MECÂNICA DE SOLO PARA EXECUÇÃO DE RADIER, PISO DE CONCRETO OU LAJE SOBRE SOLO, COM COMPACTADOR DE SOLOS A PERCUSSÃO. AF_09/2021 | E20: m² | F20: 717.57 | G20: 3.56 | H20: 4.35 | I20: 3121.42 | J20: 0.00075576127
A21: 3.3 | B21: 96619 | C21: SINAPI | D21: LASTRO DE CONCRETO MAGRO, APLICADO EM BLOCOS DE COROAMENTO OU SAPATAS, ESPESSURA DE 5 CM. AF_01/2024 | E21: m² | F21: 264.24 | G21: 47.79 | H21: 58.41 | I21: 15434.25 | J21: 0.0037369557
A22: 3.4 | B22: 96532 | C22: SINAPI | D22: FABRICAÇÃO, MONTAGEM E DESMONTAGEM DE FÔRMA PARA SAPATA, EM MADEIRA SERRADA, E=25 MM, 2 UTILIZAÇÕES. AF_01/2024 | E22: m² | F22: 233.46 | G22: 193.48 | H22: 236.49 | I22: 55210.95 | J22: 0.013367729
A23: 3.5 | B23: 96545 | C23: SINAPI | D23: ARMAÇÃO DE BLOCO UTILIZANDO AÇO CA-50 DE 8 MM - MONTAGEM. AF_01/2024 | E23: KG | F23: 1988.1 | G23: 16.59 | H23: 20.27 | I23: 40298.78 | J23: 0.0097571801
A24: 3.6 | B24: 96558 | C24: SINAPI | D24: CONCRETAGEM DE SAPATA, FCK 30 MPA, COM USO DE BOMBA - LANÇAMENTO, ADENSAMENTO E ACABAMENTO. AF_01/2024 | E24: m³ | F24: 95.22 | G24: 1039.62 | H24: 1270.72 | I24: 120997.95 | J24: 0.029296142
A25: 4 | D25: VIGAS | I25: 462986.52 | J25: 0.11209875
A26: 4.2 | B26: 92761 | C26: SINAPI | D26: ARMAÇÃO DE PILAR OU VIGA DE ESTRUTURA CONVENCIONAL DE CONCRETO ARMADO UTILIZANDO AÇO CA-50 DE 8,0 MM - MONTAGEM. AF_06/2022 | E26: KG | F26: 4630.5 | G26: 12.74 | H26: 15.57 | I26: 72096.88 | J26: 0.017456167
A27: 4.2 | B27: 96533 | C27: SINAPI | D27: FABRICAÇÃO, MONTAGEM E DESMONTAGEM DE FÔRMA PARA VIGA BALDRAME, EM MADEIRA SERRADA, E=25 MM, 2 UTILIZAÇÕES. AF_01/2024 | E27: m² | F27: 1436.22 | G27: 108.79 | H27: 132.97 | I27: 190974.17 | J27: 0.046238853
A28: 4.3 | B28: 92762 | C28: SINAPI | D28: ARMAÇÃO DE PILAR OU VIGA DE ESTRUTURA CONVENCIONAL DE CONCRETO ARMADO UTILIZANDO AÇO CA-50 DE 10,0 MM - MONTAGEM. AF_06/2022 | E28: KG | F28: 781.2 | G28: 11.34 | H28: 13.86 | I28: 10827.43 | J28: 0.002621548
A29: 4.4 | B29: 92760 | C29: SINAPI | D29: ARMAÇÃO DE PILAR OU VIGA DE ESTRUTURA CONVENCIONAL DE CONCRETO ARMADO UTILIZANDO AÇO CA-50 DE 6,3 MM - MONTAGEM. AF_06/2022 | E29: KG | F29: 500.4 | G29: 13.63 | H29: 16.65 | I29: 8331.66 | J29: 0.0020172697
A30: 4.5 | B30: 92759 | C30: SINAPI | D30: ARMAÇÃO DE PILAR OU VIGA DE ESTRUTURA CONVENCIONAL DE CONCRETO ARMADO UTILIZANDO AÇO CA-60 DE 5,0 MM - MONTAGEM. AF_06/2022 | E30: KG | F30: 3050.1 | G30: 14.54 | H30: 17.77 | I30: 54200.27 | J30: 0.013123022
A31: 4.6 | B31: 103674 | C31: SINAPI | D31: CONCRETAGEM DE VIGAS E LAJES, FCK=25 MPA, PARA LAJES PREMOLDADAS COM USO DE BOMBA - LANÇAMENTO, ADENSAMENTO E ACABAMENTO. AF_02/2022_PS | E31: m³ | F31: 99.45 | G31: 916.73 | H31: 1120.51 | I31: 111434.71 | J31: 0.026980681
A32: 4.7 | B32: 98555 | C32: SINAPI | D32: IMPERMEABILIZAÇÃO DE SUPERFÍCIE COM ARGAMASSA POLIMÉRICA / MEMBRANA ACRÍLICA, 3 DEMÃOS. AF_09/2023 | E32: m² | F32: 380.7 | G32: 32.5 | H32: 39.72 | I32: 15121.4 | J32: 0.0036612082
A33: 5 | D33: PILARES | I33: 179237.74 | J33: 0.043397217
A34: 5.1 | B34: 92269 | C34: SINAPI | D34: FABRICAÇÃO DE FÔRMA PARA PILARES E ESTRUTURAS SIMILARES, EM MADEIRA SERRADA, E=25 MM. AF_09/2020 | E34: m² | F34: 488.79 | G34: 165.82 | H34: 202.68 | I34: 99067.95 | J34: 0.023986429
A35: 5.2 | B35: 92759 | C35: SINAPI | D35: ARMAÇÃO DE PILAR OU VIGA DE ESTRUTURA CONVENCIONAL DE CONCRETO ARMADO UTILIZANDO AÇO CA-60 DE 5,0 MM - MONTAGEM. AF_06/2022 | E35: KG | F35: 747.7 | G35: 14.54 | H35: 17.77 | I35: 13286.62 | J35: 0.0032169694
A36: 5.3 | B36: 92762 | C36: SINAPI | D36: ARMAÇÃO DE PILAR OU VIGA DE ESTRUTURA CONVENCIONAL DE CONCRETO ARMADO UTILIZANDO AÇO CA-50 DE 10,0 MM - MONTAGEM. AF_06/2022 | E36: KG | F36: 2935.8 | G36: 11.34 | H36: 13.86 | I36: 40690.18 | J36: 0.0098519462
A37: 5.4 | B37: 103672 | C37: SINAPI | D37: CONCRETAGEM DE PILARES, FCK = 25 MPA, COM USO DE BOMBA - LANÇAMENTO, ADENSAMENTO E ACABAMENTO. AF_02/2022_PS | E37: m³ | F37: 23.94 | G37: 895.13 | H37: 1094.11 | I37: 26192.99 | J37: 0.0063418724
A38: 6 | D38: LAJE | I38: 1400528.3 | J38: 0.33909727
A39: 6.1 | B39: 92271 | C39: SINAPI | D39: FABRICAÇÃO DE FÔRMA PARA LAJES, EM MADEIRA SERRADA, E=25 MM. AF_09/2020 | E39: m² | F39: 2763.72 | G39: 94.27 | H39: 115.22 | I39: 318435.81 | J39: 0.07709999
A40: 6.2 | B40: 92769 | C40: SINAPI | D40: ARMAÇÃO DE LAJE DE ESTRUTURA CONVENCIONAL DE CONCRETO ARMADO UTILIZANDO AÇO CA-50 DE 6,3 MM - MONTAGEM. AF_06/2022 | E40: KG | F40: 7853.4 | G40: 13.08 | H40: 15.98 | I40: 125497.33 | J40: 0.030385536
A41: 6.3 | B41: 92768 | C41: SINAPI | D41: ARMAÇÃO DE LAJE DE ESTRUTURA CONVENCIONAL DE CONCRETO ARMADO UTILIZANDO AÇO CA-60 DE 5,0 MM - MONTAGEM. AF_06/2022 | E41: KG | F41: 7361.1 | G41: 13.97 | H41: 17.07 | I41: 125653.97 | J41: 0.030423462
A42: 6.4 | B42: 92770 | C42: SINAPI | D42: ARMAÇÃO DE LAJE DE ESTRUTURA CONVENCIONAL DE CONCRETO ARMADO UTILIZANDO AÇO CA-50 DE 8,0 MM - MONTAGEM. AF_06/2022 | E42: KG | F42: 13240.8 | G42: 12.22 | H42: 14.93 | I42: 197685.14 | J42: 0.04786372
A43: 6.5 | B43: 92771 | C43: SINAPI | D43: ARMAÇÃO DE LAJE DE ESTRUTURA CONVENCIONAL DE CONCRETO ARMADO UTILIZANDO AÇO CA-50 DE 10,0 MM - MONTAGEM. AF_06/2022 | E43: KG | F43: 13233.6 | G43: 10.86 | H43: 13.27 | I43: 175609.87 | J43: 0.042518834
A44: 6.6 | B44: 103675 | C44: SINAPI | D44: CONCRETAGEM DE VIGAS E LAJES, FCK=25 MPA, PARA LAJES MACIÇAS OU NERVURADAS COM USO DE BOMBA - LANÇAMENTO, ADENSAMENTO E ACABAMENTO. AF_02/2022_PS | E44: m³ | F44: 309.87 | G44: 895.7 | H44: 1094.81 | I44: 339248.77 | J44: 0.082139244
A45: 6.7 | B45: 98555 | C45: SINAPI | D45: IMPERMEABILIZAÇÃO DE SUPERFÍCIE COM ARGAMASSA POLIMÉRICA / MEMBRANA ACRÍLICA, 3 DEMÃOS. AF_09/2023 | E45: m² | F45: 2980.8 | G45: 32.5 | H45: 39.72 | I45: 118397.37 | J45: 0.028666487
A46: 7 | D46: FECHAMENTO/VEDAÇÕES | I46: 263971.75 | J46: 0.063913099
A47: 7.1 | B47: 103330 | C47: SINAPI | D47: ALVENARIA DE VEDAÇÃO DE BLOCOS CERÂMICOS FURADOS NA HORIZONTAL DE 11,5X19X19 CM (ESPESSURA 11,5 CM) E ARGAMASSA DE ASSENTAMENTO COM PREPARO EM BETONEIRA. AF_12/2021 | E47: m² | F47: 2290.03 | G47: 94.31 | H47: 115.27 | I47: 263971.75 | J47: 0.063913099
A48: 8 | D48: INSTALAÇÕES HIDRÁULICAS | I48: 46682.28 | J48: 0.011302759
A49: 8.1 | B49: 89446 | C49: SINAPI | D49: TUBO, PVC, SOLDÁVEL, DE 25MM, INSTALADO EM PRUMADA DE ÁGUA - FORNECIMENTO E INSTALAÇÃO. AF_06/2022 | E49: M | F49: 3513.42 | G49: 5.15 | H49: 6.29 | I49: 22099.41 | J49: 0.0053507308
A50: 8.2 | B50: 89481 | C50: SINAPI | D50: JOELHO 90 GRAUS, PVC, SOLDÁVEL, DN 25MM, INSTALADO EM PRUMADA DE ÁGUA - FORNECIMENTO E INSTALAÇÃO. AF_06/2022 | E50: UN | F50: 1512 | G50: 5.93 | H50: 7.24 | I50: 10946.88 | J50: 0.0026504693
A51: 8.3 | B51: 89617 | C51: SINAPI | D51: TE, PVC, SOLDÁVEL, DN 25MM, INSTALADO EM PRUMADA DE ÁGUA - FORNECIMENTO E INSTALAÇÃO. AF_06/2022 | E51: UN | F51: 792 | G51: 8.39 | H51: 10.25 | I51: 8118 | J51: 0.0019655381
A52: 8.4 | B52: 00001185 | C52: SINAPI | D52: CAP PVC, SOLDAVEL, 25 MM, PARA AGUA FRIA PREDIAL | E52: UN | F52: 1089 | G52: 1.18 | H52: 1.35 | I52: 1470.15 | J52: 0.00035595416
A53: 8.5 | B53: C0977 | C53: SEINFRA | D53: CRUZETA PVC SOLD. MARROM D= 25mm (3/4") | E53: UN | F53: 144 | G53: 23 | H53: 28.11 | I53: 4047.84 | J53: 0.00098006698
A54: 9 | D54: INSTALAÇÕES SANITÁRIAS/PLUVIAIS | I54: 171483.02 | J54: 0.041519637
A55: 9.1 | B55: 89712 | C55: SINAPI | D55: TUBO PVC, SERIE NORMAL, ESGOTO PREDIAL, DN 50 MM, FORNECIDO E INSTALADO EM RAMAL DE DESCARGA OU RAMAL DE ESGOTO SANITÁRIO. AF_08/2022 | E55: M | F55: 670.68 | G55: 29.35 | H55: 35.87 | I55: 24057.29 | J55: 0.0058247746
A56: 9.2 | B56: 89784 | C56: SINAPI | D56: TE, PVC, SERIE NORMAL, ESGOTO PREDIAL, DN 50 X 50 MM, JUNTA ELÁSTICA, FORNECIDO E INSTALADO EM RAMAL DE DESCARGA OU RAMAL DE ESGOTO SANITÁRIO. AF_08/2022 | E56: UN | F56: 864 | G56: 26.18 | H56: 31.99 | I56: 27639.36 | J56: 0.0066920689
A57: 9.3 | B57: 89731 | C57: SINAPI | D57: JOELHO 90 GRAUS, PVC, SERIE NORMAL, ESGOTO PREDIAL, DN 50 MM, JUNTA ELÁSTICA, FORNECIDO E INSTALADO EM RAMAL DE DESCARGA OU RAMAL DE ESGOTO SANITÁRIO. AF_08/2022 | E57: UN | F57: 1296 | G57: 16.13 | H57: 19.71 | I57: 25544.16 | J57: 0.006184777
A58: 9.4 | B58: 89732 | C58: SINAPI | D58: JOELHO 45 GRAUS, PVC, SERIE NORMAL, ESGOTO PREDIAL, DN 50 MM, JUNTA ELÁSTICA, FORNECIDO E INSTALADO EM RAMAL DE DESCARGA OU RAMAL DE ESGOTO SANITÁRIO. AF_08/2022 | E58: UN | F58: 225 | G58: 16.93 | H58: 20.69 | I58: 4655.25 | J58: 0.0011271337
A59: 9.5 | B59: 104343 | C59: SINAPI | D59: JUNÇÃO DE REDUÇÃO INVERTIDA, PVC, SÉRIE NORMAL, ESGOTO PREDIAL, DN 75 X 50 MM, JUNTA ELÁSTICA, FORNECIDO E INSTALADO EM RAMAL DE DESCARGA OU RAMAL DE ESGOTO SANITÁRIO. AF_08/2022 | E59: UN | F59: 225 | G59: 36.83 | H59: 45.01 | I59: 10127.25 | J59: 0.0024520197
A60: 9.6 | B60: I0296 | C60: SEINFRA | D60: BUCHA REDUÇÃO PVC ESGOTO 75X50MM (3"X2") | E60: UN | F60: 9 | G60: 8.26 | H60: 9.49 | I60: 85.41 | J60: 2.0679553e-05
A61: 9.7 | B61: 89714 | C61: SINAPI | D61: TUBO PVC, SERIE NORMAL, ESGOTO PREDIAL, DN 100 MM, FORNECIDO E INSTALADO EM RAMAL DE DESCARGA OU RAMAL DE ESGOTO SANITÁRIO. AF_08/2022 | E61: M | F61: 64.89 | G61: 40.88 | H61: 49.96 | I61: 3241.9 | J61: 0.000784932
A62: 9.8 | B62: 89713 | C62: SINAPI | D62: TUBO PVC, SERIE NORMAL, ESGOTO PREDIAL, DN 75 MM, FORNECIDO E INSTALADO EM RAMAL DE DESCARGA OU RAMAL DE ESGOTO SANITÁRIO. AF_08/2022 | E62: M | F62: 172 | G62: 36.59 | H62: 44.72 | I62: 7691.84 | J62: 0.0018623558
A63: 9.9 | B63: 00012909 | C63: SINAPI | D63: CAP PVC, SOLDAVEL, DN 50 MM, SERIE NORMAL, PARA ESGOTO PREDIAL | E63: UN | F63: 1080 | G63: 4.91 | H63: 5.64 | I63: 6091.2 | J63: 0.0014748073
A64: 9.10 | B64: 104166 | C64: SINAPI | D64: TUBO PVC, SÉRIE R, ÁGUA PLUVIAL, DN 150 MM, FORNECIDO E INSTALADO EM RAMAL DE ENCAMINHAMENTO. AF_06/2022 | E64: M | F64: 36 | G64: 80.73 | H64: 98.67 | I64: 3552.12 | J64: 0.00086004277
A65: 9.11 | B65: CP010 | C65: Próprio | D65: TANQUE SÉPTICO RETANGULAR, EM ALVENARIA COM BLOCOS DE CONCRETO, DIMENSÕES INTERNAS: 0,7 X 1,4 X H=1,2 M, VOLUME ÚTIL: 1176 L | E65: UN | F65: 9 | G65: 3189.88 | H65: 3898.99 | I65: 35090.91 | J65: 0.0084962455
A66: 9.12 | B66: 104179 | C66: SINAPI | D66: CAP, PVC, SERIE R, ÁGUA PLUVIAL, DN 150 MM, JUNTA ELÁSTICA, FORNECIDO E INSTALADO EM RAMAL DE ENCAMINHAMENTO. AF_06/2022 | E66: UN | F66: 36 | G66: 88.61 | H66: 108.3 | I66: 3898.8 | J66: 0.00094398127
... A68: 9.14 | B68: 89578 | C68: SINAPI | D68: TUBO PVC, SÉRIE R, ÁGUA PLUVIAL, DN 100 MM, FORNECIDO E INSTALADO EM CONDUTORES VERTICAIS DE ÁGUAS PLUVIAIS. AF_06/2022 | E68: M | F68: 131.15 | G68: 35.95 | H68: 43.94 | I68: 5762.73 | J68: 0.0013952778
A69: 10 | D69: INSTALAÇÕES ELÉTRICAS | I69: 18341.82 | J69: 0.0044409394
A70: 10.1 | B70: 101632 | C70: SINAPI | D70: RELÉ FOTOELÉTRICO PARA COMANDO DE ILUMINAÇÃO EXTERNA 1000 W - FORNECIMENTO E INSTALAÇÃO. AF_02/2025 | E70: UN | F70: 2 | G70: 39.98 | H70: 48.86 | I70: 97.72 | J70: 2.3660062e-05
A71: 10.2 | B71: 91844 | C71: SINAPI | D71: ELETRODUTO FLEXÍVEL CORRUGADO, PVC, DN 25 MM (3/4"), PARA CIRCUITOS TERMINAIS, INSTALADO EM LAJE - FORNECIMENTO E INSTALAÇÃO. AF_03/2023 | E71: M | F71: 450 | G71: 7.06 | H71: 8.62 | I71: 3879 | J71: 0.00093918728
A72: 10.3 | B72: 91924 | C72: SINAPI | D72: CABO DE COBRE FLEXÍVEL ISOLADO, 1,5 MM², ANTI-CHAMA 450/750 V, PARA CIRCUITOS TERMINAIS - FORNECIMENTO E INSTALAÇÃO. AF_03/2023 | E72: M | F72: 1350 | G72: 3.33 | H72: 4.07 | I72: 5494.5 | J72: 0.0013303337
A73: 10.4 | B73: 93653 | C73: SINAPI | D73: DISJUNTOR MONOPOLAR TIPO DIN, CORRENTE NOMINAL DE 10A - FORNECIMENTO E INSTALAÇÃO. AF_07/2025 | E73: UN | F73: 2 | G73: 12.38 | H73: 15.13 | I73: 30.26 | J73: 7.3265808e-06
A74: 10.5 | B74: 91936 | C74: SINAPI | D74: CAIXA OCTOGONAL 4" X 4", PVC, INSTALADA EM LAJE - FORNECIMENTO E INSTALAÇÃO. AF_03/2023 | E74: UN | F74: 54 | G74: 19.61 | H74: 23.96 | I74: 1293.84 | J74: 0.00031326581
A75: 10.6 | B75: 97607 | C75: SINAPI | D75: LUMINÁRIA ARANDELA TIPO TARTARUGA, DE SOBREPOR, COM 1 LÂMPADA LED DE 6 W, SEM REATOR - FORNECIMENTO E INSTALAÇÃO. AF_09/2024 | E75: UN | F75: 54 | G75: 114.34 | H75: 139.75 | I75: 7546.5 | J75: 0.001827166
A76: 11 | D76: REVESTIMENTO E PINTURA | I76: 915772.6 | J76: 0.22172776
A77: 11.1 | B77: 87879 | C77: SINAPI | D77: CHAPISCO APLICADO EM ALVENARIAS E ESTRUTURAS DE CONCRETO INTERNAS, COM COLHER DE PEDREIRO. ARGAMASSA TRAÇO 1:3 COM PREPARO EM BETONEIRA 400L. AF_10/2022 | E77: m² | F77: 3909.6 | G77: 4.98 | H77: 6.08 | I77: 23770.36 | J77: 0.0057553028
A78: 11.3 | B78: 88415 | C78: SINAPI | D78: APLICAÇÃO MANUAL DE FUNDO SELADOR ACRÍLICO EM PAREDES EXTERNAS DE CASAS. AF_03/2024 | E78: m² | F78: 1243.31 | G78: 4.12 | H78: 5.03 | I78: 6253.84 | J78: 0.0015141859
A79: 11.3 | B79: 87529 | C79: SINAPI | D79: MASSA ÚNICA, EM ARGAMASSA TRAÇO 1:2:8, PREPARO MECÂNICO, APLICADA MANUALMENTE EM PAREDES INTERNAS DE AMBIENTES COM ÁREA ENTRE 5M² E 10M², E = 17,5MM, COM TALISCAS. AF_03/2024 | E79: m² | F79: 3909.6 | G79: 39.15 | H79: 47.85 | I79: 187074.36 | J79: 0.045294627
A80: 11.4 | B80: 88431 | C80: SINAPI | D80: APLICAÇÃO MANUAL DE PINTURA COM TINTA TEXTURIZADA ACRÍLICA EM PAREDES EXTERNAS DE CASAS, DUAS CORES. AF_03/2024 | E80: m² | F80: 1243.31 | G80: 26.39 | H80: 32.25 | I80: 40096.74 | J80: 0.0097082619
A81: 11.4 | B81: 98555 | C81: SINAPI | D81: IMPERMEABILIZAÇÃO DE SUPERFÍCIE COM ARGAMASSA POLIMÉRICA / MEMBRANA ACRÍLICA, 3 DEMÃOS. AF_09/2023 | E81: m² | F81: 1512 | G81: 32.5 | H81: 39.72 | I81: 60056.64 | J81: 0.014540972
A82: 11.5 | B82: CP09 | C82: Próprio | D82: FORNECIMENTO E INSTALAÇÃO DE TAMPO DE GRANITO CINZA ANDORINHA - 2,5 CM ESPESSURA | E82: M² | F82: 680.4 | G82: 719.68 | H82: 879.66 | I82: 598520.66 | J82: 0.14491441
A83: 12 | D83: CALÇADA DE CONCRETO | I83: 44863.2 | J83: 0.010862322
A84: 12.2 | B84: 97113 | C84: SINAPI | D84: APLICAÇÃO DE LONA PLÁSTICA PARA EXECUÇÃO DE PAVIMENTOS DE CONCRETO. AF_04/2022 | E84: m² | F84: 360 | G84: 3.06 | H84: 3.74 | I84: 1346.4 | J84: 0.00032599169
A85: 12.3 | B85: 100576 | C85: SINAPI | D85: REGULARIZAÇÃO E COMPACTAÇÃO DE SUBLEITO DE SOLO PREDOMINANTEMENTE ARGILOSO, PARA OBRAS DE CONSTRUÇÃO DE PAVIMENTOS. AF_09/2024 | E85: m² | F85: 360 | G85: 2.81 | H85: 3.43 | I85: 1234.8 | J85: 0.00029897098
A86: 12.3 | B86: 94993 | C86: SINAPI | D86: EXECUÇÃO DE PASSEIO (CALÇADA) OU PISO DE CONCRETO COM CONCRETO MOLDADO IN LOCO, USINADO, ACABAMENTO CONVENCIONAL, ESPESSURA 6 CM, ARMADO. AF_08/2022 | E86: m² | F86: 360 | G86: 96.09 | H86: 117.45 | I86: 42282 | J86: 0.010237359
A87: 13 | D87: LIMPEZA DE OBRA | I87: 26893.17 | J87: 0.0064692766
A88: 13.1 | B88: 99813 | C88: SINAPI | D88: LIMPEZA DE REVESTIMENTO CERÂMICO/ MÁRMORE/ GRANITO EM PAREDE UTILIZANDO DETERGENTE NEUTRO E ESCOVAÇÃO MANUAL. AF_10/2025_PS | E88: m² | F88: 680.4 | G88: 3.05 | H88: 3.72 | I88: 2531.08 | J88: 0.00060886302
A89: 13.1 | B89: 106122 | C89: SINAPI | D89: REMOÇÃO DE ENTULHO CLASSE A (ALVENARIA, CONCRETO, ARGAMASSAS E CERÂMICOS) POR DUTO DE ENTULHO E ACONDICIONAMENTO FINAL EM CAÇAMBA ESTACIONÁRIA. EXCLUSO FRETE. AF_09/2025 | E89: m³ | F89: 211.172 | G89: 79.27 | H89: 96.89 | I89: 20460.45 | J89: 0.004921856
A90: 13.2 | B90: 106126 | C90: SINAPI | D90: REMOÇÃO DE ENTULHO CLASSE B (FRAGMENTOS DE MADEIRA) TRANSPORTADOS POR GRUA. ACONDICIONAMENTO FINAL CAÇAMBA ESTACIONÁRIA. EXCLUSO FRETE. AF_09/2025 | E90: m³ | F90: 54.144 | G90: 47.11 | H90: 57.58 | I90: 3117.61 | J90: 0.00074995552
A91: 13.3 | B91: 106131 | C91: SINAPI | D91: REMOÇÃO DE ENTULHO CLASSE B (BALDES VAZIOS NÃO CONTAMINADOS DE 29 LITROS) TRANSPORTADAS POR CREMALHEIRA. ACONDICIONAMENTO FINAL EM BAIAS. EXCLUSO FRETE. AF_09/2025 | E91: m³ | F91: 5.415 | G91: 118.46 | H91: 144.79 | I91: 784.03 | J91: 0.00018860205
A93: =NOW() -> 46140.641 | D93: _________________________________ | F93: Total sem BDI | H93: 3403247.9 | M93: =(4*12*(0.6*0.8)*2+(0.75*0.8)*12*2+((2.3*0.6)*25*4+(2.3*0.75*25))*2)*7+((3.6*2.6)*2+3.65*23+(3.65*0.4))*7 -> 3688.02
D94: Engº Civil - JAISON ANDREY SEGAT | F94: Total do BDI | H94: 753811.98
D95: CREA-MT 50609 | F95: Total Geral | H95: 4157059.9

Sheet Curva ABC
A1: Bancos: | D1: =Orçamento!E2 -> Obra: Túmulos Verticais
A2: ='Planilha Analítica'!B2 -> SINAPI - 12/2025 - MATO GROSSO - NÃO DESONERADA | D2: =Orçamento!E3 -> Local: Av. Dom Henrique Froehlich, esquina com Av. André Maggi | G2: BDI Mão de Obra - 22,23%
A3: ='Planilha Analítica'!B3 -> SEINFRA - 028 - CEARÁ - NÃO DESONERADA | D3: =Orçamento!E4 -> Bairro: Centro | G3: BDI Material - 15,00%
D4: =Orçamento!E5 -> Município: Sinop - MT
A7: Curva ABC de Serviços
A8: Código | B8: Banco | C8: Descrição | D8: Tipo | E8: Und | F8: Quant. | G8: Valor Unit | H8: Total | I8: Peso (%) | J8: Peso Acumulado (%) | K8: Classe
A9: CP09 | B9: Próprio | C9: FORNECIMENTO E INSTALAÇÃO DE TAMPO DE GRANITO CINZA ANDORINHA - 2,5 CM ESPESSURA | D9: REVE - REVESTIMENTO E TRATAMENTO DE SUPERFÍCIES | E9: M² | F9: 680,4 | G9: 719,68 | H9: 489.670,27 | I9: 14,39 | J9: 14,39 | K9: A | M9: =H9+H10+H11+H12+H13+H14+H15+H16+H17+H18+H19+H20+H21+H22+H23 -> 2670615.8
A10: 103675 | B10: SINAPI | C10: CONCRETAGEM DE VIGAS E LAJES, FCK=25 MPA, PARA LAJES MACIÇAS OU NERVURADAS COM USO DE BOMBA - LANÇAMENTO, ADENSAMENTO E ACABAMENTO. AF_02/2022_PS | D10: Concretagem para Estruturas de Concreto Armado | E10: m³ | F10: 309,87 | G10: 895,70 | H10: 277.550,55 | I10: 8,16 | J10: 22,54 | K10: A
A11: 92271 | B11: SINAPI | C11: FABRICAÇÃO DE FÔRMA PARA LAJES, EM MADEIRA SERRADA, E=25 MM. AF_09/2020 | D11: Fôrmas para Estruturas de Concreto Armado | E11: m² | F11: 2.763,72 | G11: 94,27 | H11: 260.535,88 | I11: 7,66 | J11: 30,20 | K11: A | M11: =3285000/4040000 -> 0.81311881
A12: 103330 | B12: SINAPI | C12: ALVENARIA DE VEDAÇÃO DE BLOCOS CERÂMICOS FURADOS NA HORIZONTAL DE 11,5X19X19 CM (ESPESSURA 11,5 CM) E ARGAMASSA DE ASSENTAMENTO COM PREPARO EM BETONEIRA. AF_12/2021 | D12: Alvenaria de Vedação | E12: m² | F12: 2.290,03 | G12: 94,31 | H12: 215.972,72 | I12: 6,35 | J12: 36,55 | K12: A
A13: 94295 | B13: SINAPI | C13: MESTRE DE OBRAS COM ENCARGOS COMPLEMENTARES | D13: Livro SINAPI: Cálculos e Parâmetros | E13: MES | F13: 14,0 | G13: 12.635,81 | H13: 176.901,34 | I13: 5,20 | J13: 41,74 | K13: A
A14: 92770 | B14: SINAPI | C14: ARMAÇÃO DE LAJE DE ESTRUTURA CONVENCIONAL DE CONCRETO ARMADO UTILIZANDO AÇO CA-50 DE 8,0 MM - MONTAGEM. AF_06/2022 | D14: Armação para Estruturas de Concreto Armado | E14: KG | F14: 13.240,8 | G14: 12,22 | H14: 161.802,57 | I14: 4,75 | J14: 46,50 | K14: A
A15: 98555 | B15: SINAPI | C15: IMPERMEABILIZAÇÃO DE SUPERFÍCIE COM ARGAMASSA POLIMÉRICA / MEMBRANA ACRÍLICA, 3 DEMÃOS. AF_09/2023 | D15: Impermeabilização, Proteção Mecânica e Tratamento de Junta | E15: m² | F15: 4.873,5 | G15: 32,50 | H15: 158.388,75 | I15: 4,65 | J15: 51,15 | K15: A
A16: 96533 | B16: SINAPI | C16: FABRICAÇÃO, MONTAGEM E DESMONTAGEM DE FÔRMA PARA VIGA BALDRAME, EM MADEIRA SERRADA, E=25 MM, 2 UTILIZAÇÕES. AF_01/2024 | D16: Fundações Rasas (Blocos, Sapatas, Vigas Baldrame) | E16: m² | F16: 1.436,22 | G16: 108,79 | H16: 156.246,37 | I16: 4,59 | J16: 55,74 | K16: A
A17: 87529 | B17: SINAPI | C17: MASSA ÚNICA, EM ARGAMASSA TRAÇO 1:2:8, PREPARO MECÂNICO, APLICADA MANUALMENTE EM PAREDES INTERNAS DE AMBIENTES COM ÁREA ENTRE 5M² E 10M², E = 17,5MM, COM TALISCAS. AF_03/2024 | D17: Massa Única Interna | E17: m² | F17: 3.909,6 | G17: 39,15 | H17: 153.060,84 | I17: 4,50 | J17: 60,24 | K17: A
A18: 92771 | B18: SINAPI | C18: ARMAÇÃO DE LAJE DE ESTRUTURA CONVENCIONAL DE CONCRETO ARMADO UTILIZANDO AÇO CA-50 DE 10,0 MM - MONTAGEM. AF_06/2022 | D18: Armação para Estruturas de Concreto Armado | E18: KG | F18: 13.233,6 | G18: 10,86 | H18: 143.716,89 | I18: 4,22 | J18: 64,46 | K18: A
A19: 92768 | B19: SINAPI | C19: ARMAÇÃO DE LAJE DE ESTRUTURA CONVENCIONAL DE CONCRETO ARMADO UTILIZANDO AÇO CA-60 DE 5,0 MM - MONTAGEM. AF_06/2022 | D19: Armação para Estruturas de Concreto Armado | E19: KG | F19: 7.361,1 | G19: 13,97 | H19: 102.834,56 | I19: 3,02 | J19: 67,48 | K19: A
A20: 92769 | B20: SINAPI | C20: ARMAÇÃO DE LAJE DE ESTRUTURA CONVENCIONAL DE CONCRETO ARMADO UTILIZANDO AÇO CA-50 DE 6,3 MM - MONTAGEM. AF_06/2022 | D20: Armação para Estruturas de Concreto Armado | E20: KG | F20: 7.853,4 | G20: 13,08 | H20: 102.722,47 | I20: 3,02 | J20: 70,50 | K20: A
A21: 96558 | B21: SINAPI | C21: CONCRETAGEM DE SAPATA, FCK 30 MPA, COM USO DE BOMBA - LANÇAMENTO, ADENSAMENTO E ACABAMENTO. AF_01/2024 | D21: Fundações Rasas (Blocos, Sapatas, Vigas Baldrame) | E21: m³ | F21: 95,22 | G21: 1.039,62 | H21: 98.992,61 | I21: 2,91 | J21: 73,41 | K21: A
A22: 103674 | B22: SINAPI | C22: CONCRETAGEM DE VIGAS E LAJES, FCK=25 MPA, PARA LAJES PREMOLDADAS COM USO DE BOMBA - LANÇAMENTO, ADENSAMENTO E ACABAMENTO. AF_02/2022_PS | D22: Concretagem para Estruturas de Concreto Armado | E22: m³ | F22: 99,45 | G22: 916,73 | H22: 91.168,79 | I22: 2,68 | J22: 76,09 | K22: A
A23: 92269 | B23: SINAPI | C23: FABRICAÇÃO DE FÔRMA PARA PILARES E ESTRUTURAS SIMILARES, EM MADEIRA SERRADA, E=25 MM. AF_09/2020 | D23: Fôrmas para Estruturas de Concreto Armado | E23: m² | F23: 488,79 | G23: 165,82 | H23: 81.051,15 | I23: 2,38 | J23: 78,47 | K23: A | M23: l
A24: 90777 | B24: SINAPI | C24: ENGENHEIRO CIVIL DE OBRA JUNIOR COM ENCARGOS COMPLEMENTARES | D24: Livro SINAPI: Cálculos e Parâmetros | E24: H | F24: 504,0 | G24: 127,06 | H24: 64.038,24 | I24: 1,88 | J24: 80,35 | K24: B
A25: 92761 | B25: SINAPI | C25: ARMAÇÃO DE PILAR OU VIGA DE ESTRUTURA CONVENCIONAL DE CONCRETO ARMADO UTILIZANDO AÇO CA-50 DE 8,0 MM - MONTAGEM. AF_06/2022 | D25: Armação para Estruturas de Concreto Armado | E25: KG | F25: 4.630,5 | G25: 12,74 | H25: 58.992,57 | I25: 1,73 | J25: 82,09 | K25: B | N25: =N27/I79 -> 0.11680503
A26: 92759 | B26: SINAPI | C26: ARMAÇÃO DE PILAR OU VIGA DE ESTRUTURA CONVENCIONAL DE CONCRETO ARMADO UTILIZANDO AÇO CA-60 DE 5,0 MM - MONTAGEM. AF_06/2022 | D26: Armação para Estruturas de Concreto Armado | E26: KG | F26: 3.797,8 | G26: 14,54 | H26: 55.220,01 | I26: 1,62 | J26: 83,71 | K26: B
A27: 96532 | B27: SINAPI | C27: FABRICAÇÃO, MONTAGEM E DESMONTAGEM DE FÔRMA PARA SAPATA, EM MADEIRA SERRADA, E=25 MM, 2 UTILIZAÇÕES. AF_01/2024 | D27: Fundações Rasas (Blocos, Sapatas, Vigas Baldrame) | E27: m² | F27: 233,46 | G27: 193,48 | H27: 45.169,84 | I27: 1,33 | J27: 85,04 | K27: B | N27: =H24+H25+H26+H27+H28+H29+H30+H31+H32+H33+H34+H35+H36 -> 485565.5
A28: 92762 | B28: SINAPI | C28: ARMAÇÃO DE PILAR OU VIGA DE ESTRUTURA CONVENCIONAL DE CONCRETO ARMADO UTILIZANDO AÇO CA-50 DE 10,0 MM - MONTAGEM. AF_06/2022 | D28: Armação para Estruturas de Concreto Armado | E28: KG | F28: 3.717,0 | G28: 11,34 | H28: 42.150,78 | I28: 1,24 | J28: 86,28 | K28: B
A29: 94993 | B29: SINAPI | C29: EXECUÇÃO DE PASSEIO (CALÇADA) OU PISO DE CONCRETO COM CONCRETO MOLDADO IN LOCO, USINADO, ACABAMENTO CONVENCIONAL, ESPESSURA 6 CM, ARMADO. AF_08/2022 | D29: Passeios de Concreto | E29: m² | F29: 360,0 | G29: 96,09 | H29: 34.592,40 | I29: 1,02 | J29: 87,29 | K29: B
A30: 96545 | B30: SINAPI | C30: ARMAÇÃO DE BLOCO UTILIZANDO AÇO CA-50 DE 8 MM - MONTAGEM. AF_01/2024 | D30: Fundações Rasas (Blocos, Sapatas, Vigas Baldrame) | E30: KG | F30: 1.988,1 | G30: 16,59 | H30: 32.982,57 | I30: 0,97 | J30: 88,26 | K30: B
A31: 88431 | B31: SINAPI | C31: APLICAÇÃO MANUAL DE PINTURA COM TINTA TEXTURIZADA ACRÍLICA EM PAREDES EXTERNAS DE CASAS, DUAS CORES. AF_03/2024 | D31: Pintura Externa | E31: m² | F31: 1.243,31 | G31: 26,39 | H31: 32.810,95 | I31: 0,96 | J31: 89,23 | K31: B
A32: CP010 | B32: Próprio | C32: TANQUE SÉPTICO RETANGULAR, EM ALVENARIA COM BLOCOS DE CONCRETO, DIMENSÕES INTERNAS: 0,7 X 1,4 X H=1,2 M, VOLUME ÚTIL: 1176 L | D32: DROP - DRENAGEM/OBRAS DE CONTENÇÃO / POÇOS DE VISITA E CAIXAS | E32: UN | F32: 9,0 | G32: 3.189,88 | H32: 28.708,92 | I32: 0,84 | J32: 90,07 | K32: B
A33: 96522 | B33: SINAPI | C33: ESCAVAÇÃO MANUAL PARA BLOCO DE COROAMENTO OU SAPATA (SEM ESCAVAÇÃO PARA COLOCAÇÃO DE FÔRMAS). AF_01/2024 | D33: Fundações Rasas (Blocos, Sapatas, Vigas Baldrame) | E33: m³ | F33: 170,64 | G33: 152,05 | H33: 25.945,81 | I33: 0,76 | J33: 90,83 | K33: B
A34: 89784 | B34: SINAPI | C34: TE, PVC, SERIE NORMAL, ESGOTO PREDIAL, DN 50 X 50 MM, JUNTA ELÁSTICA, FORNECIDO E INSTALADO EM RAMAL DE DESCARGA OU RAMAL DE ESGOTO SANITÁRIO. AF_08/2022 | D34: Instalações Prediais de Esgoto - Tubos e Conexões | E34: UN | F34: 864,0 | G34: 26,18 | H34: 22.619,52 | I34: 0,66 | J34: 91,50 | K34: B
A35: 103672 | B35: SINAPI | C35: CONCRETAGEM DE PILARES, FCK = 25 MPA, COM USO DE BOMBA - LANÇAMENTO, ADENSAMENTO E ACABAMENTO. AF_02/2022_PS | D35: Concretagem para Estruturas de Concreto Armado | E35: m³ | F35: 23,94 | G35: 895,13 | H35: 21.429,41 | I35: 0,63 | J35: 92,13 | K35: B
A36: 89731 | B36: SINAPI | C36: JOELHO 90 GRAUS, PVC, SERIE NORMAL, ESGOTO PREDIAL, DN 50 MM, JUNTA ELÁSTICA, FORNECIDO E INSTALADO EM RAMAL DE DESCARGA OU RAMAL DE ESGOTO SANITÁRIO. AF_08/2022 | D36: Instalações Prediais de Esgoto - Tubos e Conexões | E36: UN | F36: 1.296,0 | G36: 16,13 | H36: 20.904,48 | I36: 0,61 | J36: 92,74 | K36: B
A37: 89712 | B37: SINAPI | C37: TUBO PVC, SERIE NORMAL, ESGOTO PREDIAL, DN 50 MM, FORNECIDO E INSTALADO EM RAMAL DE DESCARGA OU RAMAL DE ESGOTO SANITÁRIO. AF_08/2022 | D37: Instalações Prediais de Esgoto - Tubos e Conexões | E37: M | F37: 670,68 | G37: 29,35 | H37: 19.684,45 | I37: 0,58 | J37: 93,32 | K37: B
A38: 87879 | B38: SINAPI | C38: CHAPISCO APLICADO EM ALVENARIAS E ESTRUTURAS DE CONCRETO INTERNAS, COM COLHER DE PEDREIRO. ARGAMASSA TRAÇO 1:3 COM PREPARO EM BETONEIRA 400L. AF_10/2022 | D38: Chapisco | E38: m² | F38: 3.909,6 | G38: 4,98 | H38: 19.469,80 | I38: 0,57 | J38: 93,89 | K38: B
A39: 89446 | B39: SINAPI | C39: TUBO, PVC, SOLDÁVEL, DE 25MM, INSTALADO EM PRUMADA DE ÁGUA - FORNECIMENTO E INSTALAÇÃO. AF_06/2022 | D39: Instalações Prediais de Água Fria em PVC | E39: M | F39: 3.513,42 | G39: 5,15 | H39: 18.094,11 | I39: 0,53 | J39: 94,42 | K39: C
... A59: 93582 | B59: SINAPI | C59: EXECUÇÃO DE CENTRAL DE ARMADURA EM CANTEIRO DE OBRA, NÃO INCLUSO MOBILIÁRIO E EQUIPAMENTOS. AF_04/2016 | D59: CANT - CANTEIRO DE OBRAS | E59: m² | F59: 12,0 | G59: 289,66 | H59: 3.475,92 | I59: 0,10 | J59: 99,19 | K59: C
A60: C0977 | B60: SEINFRA | C60: CRUZETA PVC SOLD. MARROM D= 25mm (3/4") | D60: 0 | E60: UN | F60: 144,0 | G60: 23,00 | H60: 3.312,00 | I60: 0,10 | J60: 99,28 | K60: C
A61: 104179 | B61: SINAPI | C61: CAP, PVC, SERIE R, ÁGUA PLUVIAL, DN 150 MM, JUNTA ELÁSTICA, FORNECIDO E INSTALADO EM RAMAL DE ENCAMINHAMENTO. AF_06/2022 | D61: Instalações Prediais de Águas Pluviais - Tubos, Conexões, Caixas e Ralos | E61: UN | F61: 36,0 | G61: 88,61 | H61: 3.189,96 | I61: 0,09 | J61: 99,38 | K61: C
A62: 91844 | B62: SINAPI | C62: ELETRODUTO FLEXÍVEL CORRUGADO, PVC, DN 25 MM (3/4"), PARA CIRCUITOS TERMINAIS, INSTALADO EM LAJE - FORNECIMENTO E INSTALAÇÃO. AF_03/2023 | D62: INEL - INSTALAÇÃO ELÉTRICA/ELETRIFICAÇÃO E ILUMINAÇÃO EXTERNA | E62: M | F62: 450,0 | G62: 7,06 | H62: 3.177,00 | I62: 0,09 | J62: 99,47 | K62: C
A63: 104166 | B63: SINAPI | C63: TUBO PVC, SÉRIE R, ÁGUA PLUVIAL, DN 150 MM, FORNECIDO E INSTALADO EM RAMAL DE ENCAMINHAMENTO. AF_06/2022 | D63: Instalações Prediais de Águas Pluviais - Tubos, Conexões, Caixas e Ralos | E63: M | F63: 36,0 | G63: 80,73 | H63: 2.906,28 | I63: 0,09 | J63: 99,56 | K63: C
A64: 89714 | B64: SINAPI | C64: TUBO PVC, SERIE NORMAL, ESGOTO PREDIAL, DN 100 MM, FORNECIDO E INSTALADO EM RAMAL DE DESCARGA OU RAMAL DE ESGOTO SANITÁRIO. AF_08/2022 | D64: Instalações Prediais de Esgoto - Tubos e Conexões | E64: M | F64: 64,89 | G64: 40,88 | H64: 2.652,70 | I64: 0,08 | J64: 99,63 | K64: C
A65: 97083 | B65: SINAPI | C65: COMPACTAÇÃO MECÂNICA DE SOLO PARA EXECUÇÃO DE RADIER, PISO DE CONCRETO OU LAJE SOBRE SOLO, COM COMPACTADOR DE SOLOS A PERCUSSÃO. AF_09/2021 | D65: Radier, Piso de Concreto e Laje sobre Solo | E65: m² | F65: 717,57 | G65: 3,56 | H65: 2.554,54 | I65: 0,08 | J65: 99,71 | K65: C
A66: 106126 | B66: SINAPI | C66: REMOÇÃO DE ENTULHO CLASSE B (FRAGMENTOS DE MADEIRA) TRANSPORTADOS POR GRUA. ACONDICIONAMENTO FINAL CAÇAMBA ESTACIONÁRIA. EXCLUSO FRETE. AF_09/2025 | D66: Remoção de Entulho e Descarte | E66: m³ | F66: 54,144 | G66: 47,11 | H66: 2.550,72 | I66: 0,07 | J66: 99,78 | K66: C
A67: 99813 | B67: SINAPI | C67: LIMPEZA DE REVESTIMENTO CERÂMICO/ MÁRMORE/ GRANITO EM PAREDE UTILIZANDO DETERGENTE NEUTRO E ESCOVAÇÃO MANUAL. AF_10/2025_PS | D67: Limpeza de Obra | E67: m² | F67: 680,4 | G67: 3,05 | H67: 2.075,22 | I67: 0,06 | J67: 99,84 | K67: C
A68: 00001185 | B68: SINAPI | C68: CAP PVC, SOLDAVEL, 25 MM, PARA AGUA FRIA PREDIAL | D68: Material | E68: UN | F68: 1.089,0 | G68: 1,18 | H68: 1.285,02 | I68: 0,04 | J68: 99,88 | K68: C
A69: 97113 | B69: SINAPI | C69: APLICAÇÃO DE LONA PLÁSTICA PARA EXECUÇÃO DE PAVIMENTOS DE CONCRETO. AF_04/2022 | D69: Pavimento Rígido de Concreto | E69: m² | F69: 360,0 | G69: 3,06 | H69: 1.101,60 | I69: 0,03 | J69: 99,92 | K69: C
A70: 91936 | B70: SINAPI | C70: CAIXA OCTOGONAL 4" X 4", PVC, INSTALADA EM LAJE - FORNECIMENTO E INSTALAÇÃO. AF_03/2023 | D70: Instalações Elétricas - Eletrodutos Embutidos, Cabos, Caixas, Tomadas e Interruptores | E70: UN | F70: 54,0 | G70: 19,61 | H70: 1.058,94 | I70: 0,03 | J70: 99,95 | K70: C
A71: 100576 | B71: SINAPI | C71: REGULARIZAÇÃO E COMPACTAÇÃO DE SUBLEITO DE SOLO PREDOMINANTEMENTE ARGILOSO, PARA OBRAS DE CONSTRUÇÃO DE PAVIMENTOS. AF_09/2024 | D71: Aterros, Bases, Sub bases e Imprimações | E71: m² | F71: 360,0 | G71: 2,81 | H71: 1.011,60 | I71: 0,03 | J71: 99,98 | K71: C
A72: 106131 | B72: SINAPI | C72: REMOÇÃO DE ENTULHO CLASSE B (BALDES VAZIOS NÃO CONTAMINADOS DE 29 LITROS) TRANSPORTADAS POR CREMALHEIRA. ACONDICIONAMENTO FINAL EM BAIAS. EXCLUSO FRETE. AF_09/2025 | D72: Remoção de Entulho e Descarte | E72: m³ | F72: 5,415 | G72: 118,46 | H72: 641,46 | I72: 0,02 | J72: 99,99 | K72: C
... A75: 93653 | B75: SINAPI | C75: DISJUNTOR MONOPOLAR TIPO DIN, CORRENTE NOMINAL DE 10A - FORNECIMENTO E INSTALAÇÃO. AF_07/2025 | D75: Instalações Elétricas - Quadros, Cabos, Disjuntores, Contatores e Barramentos Blindados | E75: UN | F75: 2,0 | G75: 12,38 | H75: 24,76 | I75: 0,00 | J75: 100,00 | K75: C
A77: =NOW() -> 46140.641 | D77: _________________________________ | G77: Total sem BDI | I77: 3403247.9
D78: Engº Civil - JAISON ANDREY SEGAT | G78: Total do BDI | I78: 753811.98
D79: CREA-MT 50609 | G79: Total Geral | I79: 4157059.9

Sheet BDI SERVIÇOS
B3: BDI SERVIÇOS
B6: Tada de BDI de acordo com Acórdão 2622/2013 - TCU - Plenário
B9: TAXAS:
B10: Administração Central | D10: AC | F10: 0.04
B11: Seguro e Garantia | D11: S e G | F11: 0.008
B12: Riscos | D12: R | F12: 0.0127
B13: Despesas Financeiras | D13: DF | F13: 0.0123
B14: Lucro/ Remuneração | D14: L | F14: 0.074
B16: TRIBUTOS (I):
B17: PIS | F17: 0.0065
B18: COFINS | F18: 0.03
B19: ISSQn | F19: 0.02 | G19: (Aliquota * Base de Cálculo)
F20: =SUM(F17:F19) -> 0.0565
C28: =1+F10+F11+F12 -> 1.0607 | D28: =1+F13 -> 1.0123 | E28: =1+F14 -> 1.074 | G28: =(((C28*D28*E28)/(D29))-1) -> 0.22226164
D29: =1-F20 -> 0.9435
B32: =NOW() -> 46140.641 | G32: _________________________________
G33: Engº Civil - JAISON ANDREY SEGAT
G34: CREA-MT 50609

Sheet BDI INSUMO
B2: BDI PARA INSUMOS
B5: Tada de BDI de acordo com Acórdão 2622/2013 - TCU - Plenário
B8: TAXAS:
B9: Administração Central | D9: AC | F9: 0.032
B10: Seguro e Garantia | D10: S e G | F10: 0.0048
B11: Riscos | D11: R | F11: 0.0085
B12: Despesas Financeiras | D12: DF | F12: 0.0085
B13: Lucro/ Remuneração | D13: L | F13: 0.0511
B15: TRIBUTOS (I):
B16: PIS | F16: 0.0065
B17: COFINS | F17: 0.03
F18: =SUM(F16:F17) -> 0.0365
C26: =1+F9+F10+F11 -> 1.0453 | D26: =1+F12 -> 1.0085 | E26: =1+F13 -> 1.0511 | G26: =(((C26*D26*E26)/(D27))-1) -> 0.15003
D27: =1-F18 -> 0.9635
B30: =NOW() -> 46140.641 | G30: _________________________________
G31: Engº Civil - JAISON ANDREY SEGAT
G32: CREA-MT 50609
